 Dungeon Crawl Stone Soup version 0.16-a0-3712-g87ae24a (console) character file.

11953443 razhael the Axe Maniac (level 27, 291/291 HPs)
             Began as a Minotaur Berserker on Jan 20, 2015.
             Was the Champion of the Shining One.
             Escaped with the Orb
             ... and 15 runes on Jan 23, 2015!
             The game lasted 22:35:16 (138799 turns).

razhael the Axe Maniac (Minotaur Berserker)       Turns: 138799, Time: 22:35:16

Health: 291/291    AC: 38    Str: 35    XL:     27
Magic:  53/53      EV: 27    Int: 20    God:    the Shining One [******]
Gold:   16874      SH: 35    Dex: 15    Spells: 16 memorised, 7 levels left

rFire  + + +     SeeInvis .     O - +12 broad axe of Proximity {chop, rElec rPois+ HP+9}
rCold  + + +     Clarity  .     g - +8 chain mail of Articulation {+Inv rElec rF+ rC+ Str-3 Slay-2}
rNeg   + + +     SustAb   +     V - +6 large shield of Lesser Demons {+Fly Slay+5}
rPois  +         Gourm    .     v - +2 hat {MR+}
rElec  +         Spirit   .     w - +1 cloak "Kurch" {rCorr Slay+5}
rCorr  +         Warding  .     N - +2 pair of gloves of Honesty {Str+4}
rMut   .         Stasis   .     Y - +1 pair of boots of Chimes {rElec rF+ MP+9}
MR     +++++                    G - amulet "Tiytiesa" {+Rage rC++ HP+9 Int+4 Dex+3}
Stlth  ..........               y - ring of the Magpie {SustAb rF+ Str+6 Int+4}
                                Z - ring of the Mage {Wiz MR++ Int+3}

@: glowing, deflect missiles, almost entirely resistant to hostile enchantments,
extremely unstealthy
A: retaliatory headbutt, horns 2
a: Divine Shield, Cleansing Flame, Summon Divine Warrior, Renounce Religion,
Evoke Berserk Rage, Evoke Invisibility, Evoke Flight
0: Orb of Zot
}: 15/15 runes: decaying, slimy, silver, golden, iron, obsidian, icy, bone,
abyssal, demonic, glowing, magical, fiery, dark, gossamer


You escaped.
You worshipped the Shining One.
The Shining One was exalted by your worship.
You were not hungry.

You visited 18 branches of the dungeon, and saw 97 of its levels.
You visited Pandemonium 3 times, and saw 39 of its levels.
You visited the Abyss 3 times.
You visited 2 ziggurats (completing 1), and saw 50 of their levels.
You also visited: Bailey, Ice Cave and Volcano.

You collected 20287 gold pieces.
You spent 2946 gold pieces at shops.

Inventory:

Hand weapons
 O - the +12 broad axe of Proximity (weapon) {chop, rElec rPois+ HP+9}
   (You found it on level 9 of a ziggurat)

   It inflicts extra damage upon your enemies.
   It insulates you from electricity.
   It protects you from poison.
   It affects your health (+9).
Missiles
 F - 43 silver javelins (quivered)
Armour
 g - the +8 chain mail of Articulation (worn) {+Inv rElec rF+ rC+ Str-3 Slay-2}
   (You found it on level 26 of a ziggurat)

   It affects your strength (-3).
   It affects your accuracy and damage with ranged weapons and melee attacks
   (-2).
   It protects you from fire.
   It protects you from cold.
   It insulates you from electricity.
   It lets you turn invisible.
 v - a +2 hat of magic resistance (worn)
 w - the +1 cloak "Kurch" (worn) {rCorr Slay+5}
   (You found it on level 11 of a ziggurat)

   It affects your accuracy and damage with ranged weapons and melee attacks
   (+5).
   It protects you from acid and corrosion.
 N - the +2 pair of gloves of Honesty (worn) {Str+4}
   (You found it on level 3 of the Depths)

   It affects your strength (+4).
 V - the +6 large shield of Lesser Demons (worn) {+Fly Slay+5}
   (You took it off a daeva in Pandemonium)

   It affects your accuracy and damage with ranged weapons and melee attacks
   (+5).
   It lets you fly.
 Y - the +1 pair of boots of Chimes (worn) {rElec rF+ MP+9}
   (You found it on level 6 of the Pits of Slime)

   It protects you from fire.
   It insulates you from electricity.
   It affects your magic capacity (+9).
Rods
 h - a +4 rod of ignition (17/17)
   (You found it on level 3 of the Crypt)
 k - a +6 rod of the swarm (15/15)
   (You took it off a guardian mummy on level 1 of the Tomb of the Ancients)
 I - a +2 rod of shadows (13/13)
   (You found it on level 26 of a ziggurat)
Jewellery
 j - the amulet of Vitality {Regen+ HP+15}
   (You found it on level 21 of a ziggurat)

   [amulet of regeneration]

   It affects your health (+15).
   It increases your rate of regeneration.
 y - the ring of the Magpie (right hand) {SustAb rF+ Str+6 Int+4}
   (You found it in Pandemonium)

   [ring of sustain abilities]

   It sustains your strength, intelligence and dexterity.
   It affects your strength (+6).
   It affects your intelligence (+4).
   It protects you from fire.
 G - the amulet "Tiytiesa" (around neck) {+Rage rC++ HP+9 Int+4 Dex+3}
   (You found it on level 11 of a ziggurat)

   [amulet of rage]

   It affects your intelligence (+4).
   It affects your dexterity (+3).
   It greatly protects you from cold.
   It affects your health (+9).
   It lets you go berserk.
 J - an uncursed amulet of resist mutation
 Z - the ring of the Mage (left hand) {Wiz MR++ Int+3}
   (You found it on level 7 of Gehenna)

   [ring of wizardry]

   It improves your spell success rate.
   It affects your intelligence (+3).
   It affects your resistance to hostile enchantments.
Magical devices
 p - a wand of flame (24)
 r - a wand of digging (24)
 s - a wand of confusion (16)
 C - a wand of cold (15)
 K - a wand of heal wounds (4)
 M - a wand of disintegration (24)
Scrolls
 e - 29 scrolls of teleportation
 f - 6 scrolls of amnesia
 i - 24 scrolls of remove curse
 l - a scroll of holy word
 o - 44 scrolls of identify
 q - 21 scrolls of fear
 t - 2 scrolls of magic mapping
 E - 10 scrolls of silence
 Q - 17 scrolls of fog
 U - 4 scrolls of vulnerability
 X - 16 scrolls of blinking
Potions
 a - 14 potions of curing
 b - 23 potions of cure mutation
 c - 4 potions of restore abilities
 d - 2 potions of magic
 u - 10 potions of agility
 x - 10 potions of heal wounds
 A - 16 potions of might
 B - 2 potions of cancellation
 L - 2 potions of berserk rage
 S - 9 potions of haste
 T - a potion of brilliance
Miscellaneous
 n - a legendary deck of summoning {drawn: 4}
 D - a legendary deck of defence {drawn: 9}
 R - a legendary deck of war {the Blade}
 W - 10 stones of tremors
Comestibles
 m - 15 royal jellies
 z - 19 meat rations


   Skills:
 O Level 27 Fighting
 O Level 27 Axes
 - Level 8.8(20.0) Maces & Flails
 - Level 4.0 Throwing
 O Level 27 Armour
 O Level 27 Dodging
 - Level 1.1 Stealth
 O Level 27 Shields
 * Level 25.8 Spellcasting
 - Level 8.0 Conjurations
 - Level 2.0 Hexes
 + Level 6.9 Charms
 + Level 3.2 Summonings
 + Level 11.1 Translocations
 + Level 12.2 Transmutations
 - Level 7.0 Ice Magic
 + Level 13.5 Air Magic
 * Level 20.2 Earth Magic
 - Level 25.1 Invocations
 - Level 19.3 Evocations


You had 7 spell levels left.
You knew the following spells:

 Your Spells              Type           Power        Failure   Level  Hunger
a - Leda's Liquefaction   Hex/Erth       ######....   1%          4    None
b - Stoneskin             Trmt/Erth      ######..     0%          2    None
c - Blink                 Tloc           N/A          1%          2    None
d - Iron Shot             Conj/Erth      ######....   1%          6    ##.....
e - Summon Forest         Summ/Tloc      ######....   1%          5    None
f - Recall                Summ/Tloc      N/A          1%          3    None
g - Lee's Rapid Deconstr  Erth           #######...   1%          5    None
h - Statue Form           Trmt/Erth      ######...    1%          6    ##.....
i - Swiftness             Chrm/Air       ######..     1%          2    None
j - Shroud of Golubria    Chrm/Tloc      ######....   1%          2    None
k - Song of Slaying       Chrm           ######..     1%          2    None
l - Lightning Bolt        Conj/Air       ######....   1%          5    None
m - Phase Shift           Tloc           ######....   1%          5    None
n - Deflect Missiles      Chrm/Air       ######....   3%          6    ##.....
o - Freezing Cloud        Conj/Ice/Air   ######....   4%          6    ##.....
z - Shatter               Erth           #######...   30%         9    #######


Dungeon Overview and Level Annotations

Branches:
Dungeon (15/15)            Temple (1/1) D:6            Lair (8/8) D:9
  Swamp (5/5) Lair:3       Spider (5/5) Lair:5        Slime (6/6) Lair:7
    Orc (4/4) D:10            Elf (3/3) Orc:4        Vaults (5/5) D:13
  Crypt (3/3) Vaults:2       Tomb (3/3) Crypt:3      Depths (5/5) D:15
   Hell (1/1)                 Dis (7/7) Hell            Geh (7/7) Hell
    Coc (7/7) Hell            Tar (7/7) Hell            Zot (5/5) Depths:5

Altars:
Ashenzari
Cheibriados
Dithmenos
Elyvilon
Fedhas
Gozag
Kikubaaqudgha
Makhleb
Nemelex Xobeh
Okawaru
Qazlal
Ru
Sif Muna
Trog
Vehumet
Xom
Yredelemnul
Zin
The Shining One
Beogh
Jiyva
Lugonu

Shops:
D:4 *   D:5 %   D:7 %   D:9 [}   Orc:2 ([   Orc:4 (!**   Elf:1 [   Vaults:1 ?

Portals:
Hell: Depths:1 Depths:2 Depths:3 Depths:4 Depths:5
Abyss: Depths:2 Depths:4
Pandemonium: Depths:3

Annotations:
Elf:2 runed door
Depths:1 runed door
Coc:7 exclusion: ice statue


Innate Abilities, Weirdness & Mutations

You reflexively headbutt those who attack you in melee.
You have a pair of horns on your head.


Message History

You climb upwards.
You sense a powerful magical force warping space.
There is a stone staircase leading down here.
You see here a trident.
There is a stone staircase leading up here.
You climb upwards.
You sense a powerful magical force warping space.
There is a stone staircase leading down here.
A sixfirhy comes into view.
There is a stone staircase leading up here.
You climb upwards.
You sense a powerful magical force warping space.
There is a stone staircase leading down here.
Put on which piece of jewellery? (? for menu, Esc to quit)
You can only put on jewellery.
Put on which piece of jewellery? (? for menu, Esc to quit)
You remove the amulet of Vitality {Regen+ HP+15}.
G - the amulet "Tiytiesa" (around neck) {+Rage rC++ HP+9 Int+4 Dex+3}
There is a staircase leading out of the dungeon here.
You have escaped!

#.## #.#### ##.....## #### #.#
#.#### ##...## #... #.# #....#
##'## #.#. #.### ####.# #.#
#..# ....## #.# #.# #.##
###..# ###.## ##.## #..#
##.#####....## ####...## #.#.
#...........###.......#####...
##...≈≈≈≈........≈≈≈≈.....###.
#.§≈≈≈≈≈≈(.....≈≈≈≈≈≈........
##.§§§§§§..>@..≈≈≈≈≈≈.##.####
#.≈≈≈§≈≈......≈≈≈≈≈≈.##.#
#..≈≈§§§.####..≈≈≈≈.....#
##....§.## ##......#####
######.# #.##.### #.## ##.##.#
## #..####..##.# .##
########..........# #.#
#........#>#.###..####### #.#
#.###..[................####
#.#
#.###.##.#.#####...##.......


There were no monsters in sight!

Vanquished Creatures
  Antaeus (Coc:7)
  Asmodeus (Geh:7)
  Cerebov (Pan)
  the royal jelly (Slime:6)
  Ereshkigal (Tar:7)
  Gloorx Vloq (Pan)
  A seraph (Pan)
  Mnoleg (Pan)
  Dispater (Dis:7)
  Lom Lobon (Pan)
  4 orbs of fire (Zot:5)
  15 ancient liches
  55 greater mummies
  15 pandemonium lords
  Boris (twice) (Tomb:1 Tomb:2)
  Sojobo (Tomb:1)
  10 shard shrikes
  5 caustic shrikes (Depths:5)
  Margery (Depths:4)
  Norris (Spider:4)
  2 curse toes
  16 Killer Klowns
  Mara (Vaults:4)
  Geryon (Hell)
  8 golden dragons
  A profane servitor (Crypt:3)
  Frederick (Tomb:1)
  8 bone dragons
  A pearl dragon (Pan)
  A spellforged servitor (Zig:14)
  4 electric golems
  35 Brimstone Fiends
  Nikola (Elf:1)
  28 Ice Fiends
  14 Hell Sentinels
  A shard shrike zombie (Crypt:3)
  34 tentacled monstrosities
  24 liches
  28 Orb Guardians
  4 deep elf blademasters
  6 titans
  3 eldritch tentacles
  15 deep elf master archers
  14 sphinxes
  19 Shadow Fiends
  9 tentacled starspawn
  2 quicksilver dragons
  42 acid blobs
  44 Executioners
  14 octopode crushers
  8 tengu reavers
  Rupert (D:15)
  A sphinx (shapeshifter) (Vaults:5)
  9 shadow dragons
  19 warmongers
  Kirke (Elf:3)
  16 storm dragons
  11 thorn hunters
  26 azure jellies
  14 ancient champions
  7 blood saints
  6 draconian monks
  13 fire giants
  15 daevas (Pan)
  13 revenants
  Wiglaf (Swamp:4)
  Maud (D:14)
  3 draconian scorchers
  12 iron dragons
  35 ghost moths
  38 balrugs
  15 vault wardens
  14 frost giants
  14 deep elf sorcerers
  3 orc warlords
  Louise (D:14)
  7 draconian knights
  45 emperor scorpions
  8 draconian zealots
  5 curse skulls
  25 angels (Pan)
  2 caustic shrike zombies
  19 cacodemons
  A spectral caustic shrike (Zig:16)
  81 reapers
  22 greater nagas
  2 spriggan defenders (Depths:2)
  15 ghouls
  6 draconian annihilators
  2 draconian shifters
  4 caustic shrike skeletons
  18 very ugly things
  43 stone giants
  16 war gargoyles
  9 ophanim (Pan)
  6 draconian callers
  16 deep elf demonologists
  3 elemental wellsprings
  16 ironheart preservers
  9 salamander firebrands
  9 rakshasas
  9 black draconians
  11 apis (Pan)
  10 grey draconians
  9 vampire knights
  26 deep elf annihilators
  5 green draconians
  14 chaos champions
  14 lorocyprocas
  18 bennus
  10 white draconians
  7 pale draconians
  8 dire elephants
  6 purple draconians
  3 yellow draconians
  11 red draconians
  4 corrupters (Pan)
  11 eidola
  16 black suns
  10 mottled draconians
  12 deep elf death magi
  10 death oozes
  11 unborn
  Snorg (Lair:6)
  52 blizzard demons
  26 merfolk javelineers
  A spectral golden dragon (Zig:16)
  A spectral quicksilver dragon (Tomb:2)
  25 green deaths
  36 mummy priests
  29 vault guards
  8 merfolk impalers
  6 crystal guardians (Elf:3)
  18 ettins
  Josephine (Orc:2)
  21 great orbs of eyes
  2 minotaurs
  21 fire dragons
  4 quicksilver dragon zombies
  33 jiangshi
  23 yaktaur captains
  15 deep elf high priests
  3 kraken zombies
  38 hydras
  Fannar (D:14)
  4 death cobs
  A spectral tengu (Zig:16)
  5 quicksilver dragon skeletons
  A naga warrior (Zig:19)
  33 ice dragons
  2 satyrs
  20 monstrous demonspawn (Pan)
  Nessos (Volcano)
  5 spriggan air magi
  18 ogre magi
  A merfolk avatar (Zig:18)
  11 deep troll shamans
  3 anacondas
  13 deep troll earth magi
  4 alligator snapping turtles
  12 merfolk aquamancers
  17 centaur warriors
  A spectral sphinx (Zig:16)
  A spectral frost giant (Tomb:1)
  4 caustic shrike simulacra
  10 vampire magi
  18 hell beasts
  19 alligators
  9 orc high priests
  19 dancing weapons
  4 tengu warriors
  7 ghost crabs
  19 death yaks
  16 hell hogs
  11 thrashing horrors
  3 death knights
  2 spectral spriggans
  59 soul eaters
  7 storm dragon zombies
  10 naga sharpshooters
  7 spriggan berserkers
  14 titan zombies
  A shock serpent (shapeshifter) (Vaults:5)
  37 hell knights
  6 shock serpents
  Nergalle (D:12)
  3 iron golems (Hell)
  59 sun demons
  A spectral red draconian (Tomb:3)
  32 deep elf knights
  3 wretched stars
  45 ice devils
  10 titan skeletons
  91 skeletal warriors
  2 catoblepae
  3 fire crabs
  27 gelid demonspawn (Pan)
  21 shadow wraiths
  8 sea snakes
  7 cherubim (Pan)
  22 infernal demonspawn (Pan)
  156 death scarabs
  3 salamander mystics
  5 ball lightnings (Pan)
  29 deep trolls
  23 flayed ghosts
  7 naga ritualists
  28 putrid demonspawn (Pan)
  10 golden dragon zombies
  2 ghost moth zombies
  13 iron trolls
  22 swamp dragons
  6 death drakes
  20 torturous demonspawn (Pan)
  A spectral minotaur (Tomb:3)
  21 shadow demons
  A harpy (Elf:3)
  2 kraken simulacra (Coc:7)
  5 ice statues
  29 anubis guards
  13 deep elf summoners
  3 storm dragon skeletons
  3 tengu zombies
  5 giant orange brains
  12 unseen horrors
  An obsidian statue (Zig:6)
  A lindwurm (shapeshifter) (Zig:14)
  An anaconda zombie (Coc:7)
  3 spriggan druids
  8 shambling mangroves
  Pikel (D:4)
  8 golden dragon skeletons
  12 hill giants
  34 orb spiders
  A deathcap (Zot:4)
  6 shadow dragon zombies
  6 spectral hydras
  A wolf spider (shapeshifter) (Vaults:5)
  4 anaconda skeletons
  4 wolf spider zombies
  3 sphinx zombies
  20 ironbrand convokers
  9 orc knights
  59 ugly things
  18 deep elf conjurers
  14 mana vipers
  22 phantasmal warriors
  A spectral wolf spider (Tomb:1)
  7 manticores
  12 griffons
  5 iron dragon zombies
  A hornet (shapeshifter) (Depths:4)
  5 fire giant zombies
  19 shining eyes
  10 wizards
  15 necromancers
  70 wolf spiders
  12 orc sorcerers
  7 frost giant zombies
  4 tengu skeletons
  8 stone giant zombies
  3 oklob plants (Zig:9)
  10 salamanders
  2 salamanders (shapeshifter)
  8 shadow dragon skeletons
  2 spectral alligators (Swamp:5)
  7 water nymphs
  A mana viper (shapeshifter) (Elf:1)
  9 worldbinders
  9 cyclopes
  24 small abominations
  26 moths of wrath
  A cyclops (shapeshifter) (Depths:4)
  37 hornets
  3 frost giant skeletons
  19 black mambas
  7 elephants
  A sphinx skeleton (Zig:15)
  59 sixfirhies
  2 dire elephant zombies
  4 sirens
  4 centaur zombies
  Maurice (Orc:2)
  4 fauns (Zig:18)
  A black mamba (shapeshifter) (Vaults:2)
  3 spriggan zombies
  5 fire giant skeletons
  15 guardian serpents
  71 rust devils
  A shock serpent zombie (Tomb:2)
  7 iron dragon skeletons
  5 centaur skeletons
  A spectral elf (Zig:26)
  A moth of wrath (shapeshifter) (Depths:3)
  5 stone giant skeletons
  18 vault sentinels
  8 eyes of devastation
  5 titan simulacra
  An octopode (shapeshifter) (Depths:4)
  3 gargoyles
  4 apocalypse crabs
  7 naga magi
  30 spiny frogs
  5 torpor snails
  78 yaktaurs
  A queen ant (Lair:5)
  7 molten gargoyles (Geh:7)
  A shock serpent skeleton (Tomb:2)
  62 orange demons
  A torpor snail (shapeshifter) (Depths:5)
  3 emperor scorpion zombies
  Psyche (Orc:2)
  4 dire elephant skeletons
  9 elf skeletons
  56 smoke demons
  3 kobold demonologists
  10 storm dragon simulacra
  An elf (shapeshifter) (Vaults:4)
  A demonspawn skeleton (Zig:20)
  5 fire drakes
  A yaktaur (shapeshifter) (Depths:2)
  5 spectral swamp worms (Depths:5)
  10 efreet
  A yellow draconian zombie (Crypt:3)
  44 hellions
  49 demonic crawlers
  7 ancient zymes
  3 swamp worm zombies (Swamp:5)
  5 silent spectres
  57 hellwings
  49 tormentors
  20 komodo dragons
  A komodo dragon (shapeshifter) (Depths:5)
  A minotaur zombie (Dis:7)
  43 freezing wraiths
  21 deep elf priests
  A merfolk skeleton (Zig:20)
  64 guardian mummies
  15 hydra zombies
  80 large abominations
  3 golden dragon simulacra
  8 trolls
  14 anaconda simulacra
  5 baby alligators
  22 merfolk
  60 red devils
  2 harpy zombies
  An iron troll skeleton (Crypt:2)
  2 catoblepas zombies
  2 sphinx simulacra (Zig:26)
  34 blink frogs
  6 polar bears
  A fire vortex (Pan)
  53 blue devils
  5 tengu conjurers
  A jumping spider (shapeshifter) (Vaults:1)
  18 two-headed ogres
  A giant leech (shapeshifter) (Vaults:5)
  2 shadow dragon simulacra
  9 hydra skeletons
  2 wind drakes
  10 giant leeches
  43 jumping spiders
  5 snapping turtles
  A moth of wrath zombie (Zig:11)
  28 ravens
  22 ushabtiu
  A baby alligator (shapeshifter) (Vaults:4)
  A blink frog (shapeshifter) (Vaults:2)
  A fire dragon zombie (Geh:2)
  9 ice dragon zombies
  161 slime creatures
  7 raiju
  An iron dragon simulacrum (Coc:5)
  2 spectral swamp dragons (Swamp:5)
  A deep troll zombie (Depths:4)
  A black mamba zombie (Crypt:3)
  30 bog bodies
  A raiju (shapeshifter) (Depths:1)
  7 basilisks
  51 trapdoor spiders
  10 alligator zombies
  A frost giant simulacrum (Coc:7)
  13 boulder beetles
  3 harpy skeletons
  A spectral giant leech (Swamp:5)
  A wolf spider simulacrum (Tomb:1)
  44 wraiths
  8 spriggans
  A spectral manticore (Crypt:2)
  A wyvern (D:15)
  8 ettin zombies
  A trapdoor spider (shapeshifter) (Vaults:2)
  63 redbacks
  122 flying skulls
  A griffon skeleton (Crypt:1)
  6 ice dragon skeletons
  13 elf zombies
  3 alligator skeletons
  2 fire dragon skeletons
  A redback (shapeshifter) (Depths:1)
  43 yaks
  42 deep elf magi
  4 ettin skeletons
  30 fire elementals
  18 water elementals
  A golden eye (shapeshifter) (D:13)
  85 shadows
  14 humans
  11 hippogriffs
  2 spriggans (shapeshifter)
  36 tarantellas
  3 steam dragons
  A hog (shapeshifter) (Vaults:1)
  23 vampires
  18 chaos spawn
  54 ynoxinuls
  2 dire elephant simulacra (IceCv)
  A black mamba skeleton (Tar:7)
  A yak (shapeshifter) (Vaults:3)
  14 golden eyes
  59 neqoxecs
  44 deep elf fighters
  5 nagas
  10 hydra simulacra
  2 air elementals (Depths:3)
  20 hungry ghosts
  An iron troll simulacrum (IceCv)
  6 wargs
  An earth elemental (Zig:23)
  59 vampire mosquitoes
  14 wolves
  A raven zombie (Crypt:1)
  6 harpy simulacra (IceCv)
  14 soldier ants
  17 insubstantial wisps
  7 spiny frog zombies
  4 mottled dragons
  A human zombie (Depths:2)
  16 porcupines
  33 swamp worms
  64 hell hounds
  An ice beast (shapeshifter) (Vaults:4)
  24 water moccasins
  A spectral hippogriff (Swamp:5)
  2 snapping turtle zombies
  18 swamp drakes
  10 black bears
  27 spiders
  A torturous demonspawn skeleton (Geh:7)
  15 wasps
  32 ice beasts
  3 spiny frog skeletons
  A salamander skeleton (Zig:20)
  37 orc warriors
  27 eyes of draining
  19 phantoms
  12 orc zombies
  An alligator simulacrum (Coc:1)
  62 ogres
  31 necrophages
  2 ettin simulacra
  An elephant skeleton (Crypt:1)
  3 manticore zombies
  A lost soul (Zig:22)
  A swamp dragon skeleton (Crypt:2)
  4 swamp dragon zombies
  28 centaurs
  A hog zombie (Crypt:3)
  4 sky beasts
  A brain worm (Abyss:4)
  3 big kobolds
  13 boggarts
  17 crocodiles
  2 boring beetles
  22 giant frogs
  A spectral water moccasin (Swamp:5)
  3 spiny frog simulacra
  2 yaktaur zombies (Depths:4)
  2 yaktaur skeletons
  An octopode zombie (Crypt:2)
  A naga skeleton (Zig:20)
  A wyvern zombie (D:14)
  15 scorpions
  A water moccasin skeleton (D:10)
  17 killer bees
  2 snapping turtle simulacra
  A troll zombie (Tar:2)
  2 elf simulacra
  4 spriggan skeletons
  4 electric eels
  An elephant simulacrum (IceCv)
  67 wights
  2 glowing shapeshifter simulacra (Depths:3)
  26 orc priests
  14 starcursed masses
  2 goliath beetles (D:7)
  20 crimson imps
  36 iron imps
  2 draconian simulacra (IceCv)
  4 giant frog skeletons
  A wasp zombie (D:9)
  54 jellies
  11 quasits
  14 hounds
  A black bear skeleton (Crypt:2)
  A human skeleton (Tar:1)
  A soldier ant zombie (Crypt:2)
  16 iguanas
  4 troll simulacra (IceCv)
  2 spriggan simulacra (IceCv)
  A lightning spire (Zig:9)
  2 polar bear simulacra (IceCv)
  12 hell rats
  24 sheep
  50 worker ants
  34 orc wizards
  2 naga zombies
  A killer bee zombie (Crypt:3)
  A hound zombie (D:9)
  3 centaur simulacra (IceCv)
  A hound skeleton (D:4)
  150 mummies
  A worker ant zombie (D:7)
  11 gnolls
  3 naga simulacra (IceCv)
  72 river rats
  2 swamp drake zombies (Swamp:5)
  29 adders
  3 orc skeletons (Orc:2)
  An ogre simulacrum (IceCv)
  24 shadow imps
  17 white imps
  5 giant mites
  12 worms
  A giant eyeball (Pan)
  101 ufetubi
  An iguana skeleton (Crypt:3)
  An adder skeleton (D:4)
  An adder zombie (D:5)
  2 orc simulacra (Orc:2)
  9 giant geckos
  10 oozes
  207 orcs
  22 bats
  A bat skeleton (D:5)
  A bat zombie (Crypt:3)
  7 giant cockroaches
  14 hobgoblins
  31 kobolds
  14 quokkas
  A giant gecko skeleton (D:9)
  5 giant newts
  A giant newt skeleton (Crypt:1)
  A giant spore (D:10)
  28 goblins
  A goblin zombie (Orc:2)
  A hobgoblin zombie (Zig:11)
  20 jackals
  A jackal zombie (D:7)
  A kobold simulacrum (Crypt:3)
  A kobold zombie (Crypt:3)
  A quokka skeleton (D:9)
  38 rats
  A rat zombie (Crypt:1)
  A spectral orc (D:12)
  3 ballistomycetes (D:10)
  A block of ice (Pan)
  16 briar patches
  2 butterflies (Zot:5)
  10 crawling corpses
  12 fungi
  4 grand avatars
  16 plants
  8 starspawn tentacles
  7 tentacles
8098 creatures vanquished.

Vanquished Creatures (collateral kills)
  the Serpent of Hell (Tar:7)
  5 greater mummies
  5 pandemonium lords (Pan)
  The ghost of haldagan the Warrior, a legendary TeFi of Cheibriados (Zig:12)
  6 Brimstone Fiends
  A Hell Sentinel (Dis:7)
  2 tentacled monstrosities
  2 liches
  An Ice Fiend (Pan)
  3 Shadow Fiends
  A deep elf master archer (Zig:17)
  A deep elf blademaster (Zig:17)
  3 quicksilver dragons
  3 Executioners
  2 acid blobs
  An octopode crusher (Zig:18)
  A sphinx (Tomb:1)
  A shadow dragon (Depths:3)
  A tengu reaver (Tomb:1)
  2 ancient champions
  A storm dragon (Depths:3)
  An orc warlord (Orc:2)
  2 frost giants
  A fire giant (Depths:2)
  7 balrugs
  A daeva (Pan)
  4 cacodemons (Pan)
  2 iron dragons (Dis:7)
  3 emperor scorpions
  2 ghost moths
  A deep elf sorcerer (Zig:20)
  Jorgrun (Tomb:1)
  22 reapers
  6 ghouls
  A caustic shrike skeleton (Zig:27)
  2 very ugly things (Pan)
  An ophan (Pan)
  3 war gargoyles
  3 salamander firebrands
  2 stone giants
  A blood saint (Zig:20)
  2 bennus (Zig:26)
  4 deep elf annihilators
  A black sun (Pan)
  A corrupter (Pan)
  2 deep elf demonologists (Elf:3)
  4 lorocyprocas (Pan)
  A chaos champion (Pan)
  4 green deaths (Pan)
  An unborn (Zig:22)
  A merfolk javelineer (Zig:19)
  6 blizzard demons (Pan)
  2 death oozes (Slime:6)
  3 quicksilver dragon zombies
  4 mummy priests
  An eidolon (Zig:22)
  2 fire dragons (Depths:3)
  2 deep elf death magi
  2 deep elf high priests
  2 ice dragons (Coc:7)
  2 yaktaur captains
  A naga warrior (Zig:15)
  A centaur warrior (Zig:25)
  A monstrous demonspawn (Pan)
  2 hydras
  A spectral sphinx (Zig:26)
  A hell beast (Pan)
  A vampire mage (Tar:7)
  A merfolk aquamancer (Zig:19)
  A dancing weapon (Zig:21)
  3 hell hogs
  A titan zombie (Zig:27)
  An orc high priest (Zig:11)
  A naga sharpshooter (Zig:13)
  A storm dragon zombie (Tar:7)
  8 soul eaters
  A spectral spriggan (Zig:23)
  2 spriggans
  A deep elf knight (Depths:3)
  2 titan skeletons
  2 iron golems
  A shadow wraith (Zig:10)
  7 sun demons
  13 ice devils
  2 salamander mystics
  2 hell knights (Geh:3)
  4 death scarabs
  A cherub (Pan)
  An unseen horror (Zig:10)
  4 skeletal warriors
  A death drake (Zig:7)
  5 flayed ghosts
  2 storm dragon skeletons
  An anaconda zombie (Geh:7)
  A giant orange brain (Zig:8)
  2 golden dragon zombies
  A shambling mangrove (Zig:22)
  A gelid demonspawn (Pan)
  2 shadow demons
  A naga ritualist (Zig:15)
  A giant orange brain (shapeshifter) (D:13)
  A putrid demonspawn (Pan)
  7 infernal demonspawn (Pan)
  An anaconda skeleton (Geh:6)
  2 orc knights (Orc:4)
  2 deep trolls
  A wizard (Depths:2)
  4 wolf spiders
  A deep elf summoner (Depths:3)
  2 deep elf conjurers
  9 orb spiders
  A mana viper (Zig:26)
  2 sphinx zombies (Zig:21)
  5 torturous demonspawn (Pan)
  An orc sorcerer (Orc:2)
  5 iron dragon zombies
  A tengu skeleton (Zig:27)
  A cyclops (Zig:25)
  2 ugly things
  A stone giant zombie (Dis:7)
  A phantasmal warrior (Tomb:2)
  A sphinx skeleton (Zig:27)
  3 shadow dragon skeletons
  A fire giant zombie (Dis:7)
  3 moths of wrath
  6 smoke demons (Pan)
  A spriggan zombie (Zig:22)
  3 iron dragon skeletons
  A salamander (Geh:7)
  An elephant (shapeshifter) (Vaults:3)
  A stone giant skeleton (Geh:7)
  9 sixfirhies
  A guardian serpent (Zig:19)
  12 rust devils
  3 hornets
  A storm dragon simulacrum (Coc:7)
  10 orange demons
  2 black mambas
  A naga mage (Zig:19)
  A guardian serpent (shapeshifter) (Depths:2)
  A torpor snail (Zig:23)
  A shock serpent zombie (Dis:3)
  12 hellions
  A molten gargoyle (Geh:7)
  8 tormentors
  A dire elephant skeleton (Hell)
  An emperor scorpion zombie (Dis:7)
  A yaktaur (Zig:25)
  A silent spectre (Zig:15)
  4 demonic crawlers
  2 efreet (Pan)
  4 freezing wraiths
  8 hellwings
  A harpy zombie (Coc:7)
  3 merfolk (Zig:11)
  A troll (D:14)
  2 hydra zombies
  A tengu simulacrum (Depths:3)
  A deep elf priest (Zig:17)
  3 jumping spiders
  4 guardian mummies
  22 red devils
  16 blue devils
  2 bog bodies
  A raven (Zig:8)
  An ettin zombie (Tar:5)
  A snapping turtle (Zig:11)
  9 slime creatures
  12 shadows
  A boulder beetle (Vaults:2)
  A catoblepas skeleton (Tar:2)
  A two-headed ogre (D:14)
  3 ushabtiu
  An elf simulacrum (Zig:26)
  2 alligator skeletons
  A black mamba zombie (Dis:7)
  7 large abominations (Pan)
  13 flying skulls
  A spriggan (shapeshifter) (D:13)
  2 trapdoor spiders
  A deep elf mage (Depths:3)
  3 tarantellas
  3 ynoxinuls
  3 redbacks
  2 neqoxecs
  A black mamba skeleton (Geh:7)
  5 deep elf fighters (Depths:3)
  An elf skeleton (Zig:26)
  6 wraiths
  3 hungry ghosts
  2 vampire mosquitoes
  2 water moccasins
  2 human zombies (Geh:2)
  2 earth elementals (Zig:23)
  An insubstantial wisp (Zig:19)
  A merfolk skeleton (Pan)
  14 hell hounds
  2 wasps
  A human skeleton (Zig:15)
  A swamp drake (Zig:8)
  A spiny frog skeleton (Coc:7)
  6 spiders
  2 snapping turtle zombies (Dis:7)
  2 black bears
  A boggart (Depths:2)
  4 ogres
  A centaur (Zig:11)
  6 necrophages
  A swamp dragon skeleton (Tar:3)
  2 orc warriors (Orc:4)
  3 small abominations
  2 killer bees (Zig:13)
  12 wights
  A crimson imp (Geh:7)
  3 iron imps
  6 jellies
  An orc priest (Orc:4)
  A spectral orc (D:12)
  A hell rat (Depths:1)
  3 orc wizards
  A worker ant (Tomb:1)
  5 mummies
  2 shadow imps (Zig:15)
  A white imp (Coc:7)
  14 ufetubi
  10 orcs
  A quokka (D:12)
  2 briar patches
  2 crawling corpses (Zig:17)
  A grand avatar (Zig:20)
666 creatures vanquished.

Vanquished Creatures (others)
  A player illusion (Pan)
  An eldritch tentacle (Pan)
  An acid blob (Zig:21)
  An ancient champion (Zig:22)
  5 spectral weapons
  A tengu reaver (Zig:20)
  A blood saint (Zig:20)
  14 daevas
  A deep elf sorcerer (Zig:20)
  2 emperor scorpions
  27 angels
  A draconian annihilator (Pan)
  A caustic shrike skeleton (Zig:27)
  A very ugly thing (Zig:20)
  An elemental wellspring (Coc:7)
  3 bennus (Zig:26)
  3 merfolk javelineers (Zig:25)
  A vault guard (Vaults:5)
  A death ooze (Zig:21)
  A deep elf high priest (Depths:3)
  3 yaktaur captains
  2 rakshasas (Pan)
  A hydra (D:14)
  An ice dragon (Slime:1)
  A deep troll earth mage (Depths:4)
  A centaur warrior (Elf:3)
  A merfolk aquamancer (Zig:24)
  A naga sharpshooter (Zig:25)
  A titan skeleton (Geh:7)
  A shadow wraith (Tomb:2)
  A hell knight (Vaults:4)
  An anubis guard (Zig:26)
  6 ball lightnings (Pan)
  A golden dragon zombie (Depths:4)
  A giant orange brain (Pan)
  A death scarab (Tomb:2)
  A wizard (Pan)
  A sphinx zombie (Zig:27)
  2 flayed ghosts (Zig:22)
  A harpy (Zig:24)
  A wolf spider zombie (Geh:1)
  3 mana vipers
  A tengu skeleton (Zig:20)
  11 orb spiders
  A fire giant zombie (Geh:2)
  A wolf spider (Zig:19)
  A frost giant zombie (Geh:7)
  2 ugly things
  2 hornets
  2 cyclopes
  A guardian serpent (Zig:19)
  A rust devil (Dis:7)
  A smoke demon (Abyss:2)
  3 molten gargoyles
  A naga mage (Zig:20)
  A spiny frog (Zig:17)
  An ancient zyme (Abyss:4)
  A red devil (Zig:14)
  2 merfolk
  A troll (D:14)
  A hydra zombie (Hell)
  2 wind drakes
  4 jumping spiders
  2 hellwings
  A polar bear (D:14)
  A boulder beetle (Slime:1)
  An ushabti (Tomb:3)
  6 dryads
  2 raiju
  9 ravens
  A blue devil (Dis:3)
  3 dancing weapons
  An iron dragon simulacrum (Depths:4)
  A shadow (Zig:16)
  A basilisk (Zig:26)
  2 redbacks
  23 earth elementals
  2 trapdoor spiders
  A flying skull (Zig:27)
  2 small abominations
  A deep elf fighter (Depths:3)
  A golden eye (Zig:13)
  5 humans (Elf:3)
  5 insubstantial wisps
  A mottled dragon (Zig:26)
  A naga (Spider:1)
  2 water moccasins
  2 hell hounds (Dis:3)
  An ice beast (Depths:2)
  A black bear (D:14)
  6 centaurs
  A sky beast (D:14)
  A swamp drake (Zig:7)
  28 spiders
  4 ogres
  4 lost souls
  20 wasps
  A boring beetle (Zig:26)
  3 big kobolds
  14 scorpions
  A wight (Geh:1)
  66 killer bees
  A hound (Vaults:2)
  15 goliath beetles
  3 jellies (Zig:21)
  47 worker ants
  A river rat (Lair:8)
  9 worms
  An ufetubus (Pan)
  10 chimeras
  An orc (D:4)
  A bat (D:14)
  A giant gecko skeleton (D:4)
  A giant spore (D:10)
  A kobold (D:4)
  2 lurking horrors (Abyss:4)
  A block of ice (Pan)
  5 briar patches
  14 butterflies
  74 eldritch tentacle segments
  7 fungi
  2 plants
  2 singularities (Pan)
  3 snaplasher vines (Zig:17)
  107 snaplasher vine segments
  5 starspawn tentacles
  80 starspawn tentacle segments
  10 tentacles
  191 tentacle segments
965 creatures vanquished.

Grand Total: 9729 creatures vanquished

Notes
Turn   | Place    | Note
--------------------------------------------------------------
     0 | D:1      | razhael, the Minotaur Berserker, began the quest for the Orb.
     0 | D:1      | Reached XP level 1. HP: 19/19 MP: 1/1
   476 | D:1      | Reached skill level 4 in Maces & Flails
   657 | D:1      | Reached XP level 2. HP: 14/27 MP: 1/1
  1317 | D:3      | Found an opulent altar of Gozag.
  1327 | D:3      | Found a deep blue altar of Sif Muna.
  1448 | D:2      | Acquired Trog's second power
  1448 | D:2      | Reached XP level 3. HP: 19/34 MP: 2/2
  1988 | D:3      | Reached skill level 5 in Fighting
  1988 | D:3      | Reached XP level 4. HP: 36/42 MP: 2/2
  2278 | D:3      | Found a shimmering altar of Xom.
  2941 | D:4      | Reached XP level 5. HP: 48/48 MP: 2/2
  2982 | D:4      | Noticed Pikel
  2984 | D:4      | Noticed a slave
  2988 | D:4      | Noticed a slave
  2991 | D:4      | Noticed a slave
  3006 | D:4      | Killed Pikel
  3006 | D:4      | Reached skill level 6 in Fighting
  3006 | D:4      | Reached skill level 5 in Armour
  3006 | D:4      | Reached skill level 5 in Dodging
  3006 | D:4      | Reached XP level 6. HP: 58/58 MP: 3/3
  3006 | D:4      | Reached XP level 7. HP: 64/64 MP: 3/3
  3016 | D:4      | Noticed a freed slave
  3091 | D:4      | Found Umiekh's General Store.
  3121 | D:4      | Bought a potion of curing for 33 gold pieces
  3145 | D:4      | Bought a scroll of identify for 22 gold pieces
  3145 | D:4      | Bought a scroll of fear for 38 gold pieces
  3425 | D:4      | Acquired Trog's third power
  3547 | D:4      | Found a sacrificial altar of Ru.
  3698 | D:4      | Noticed a scorpion
  3705 | D:4      | Killed a scorpion
  3915 | D:5      | Entered Level 5 of the Dungeon
  4127 | D:5      | Reached XP level 8. HP: 71/71 MP: 3/3
  4209 | D:5      | Reached skill level 7 in Fighting
  5056 | D:5      | Found Phewacut's Food Boutique.
  5349 | D:6      | Found a snail-covered altar of Cheibriados.
  5397 | D:7      | Found a flagged portal.
  5413 | D:7      | Reached skill level 8 in Armour
  5454 | Bailey   | Entered a bailey
  5647 | Bailey   | Found an iron altar of Okawaru.
  6027 | D:7      | Found Skuur's Food Boutique.
  6062 | D:7      | Reached skill level 9 in Armour
  6062 | D:7      | Reached XP level 9. HP: 81/81 MP: 4/4
  6216 | D:7      | Reached skill level 1 in Axes
  6420 | D:8      | Noticed Prince Ribbit
  6439 | D:8      | Noticed Prince Ribbit
  6439 | D:8      | Prince Ribbit changed into Prince Ribbit the soldier ant
  6441 | D:8      | Killed Prince Ribbit the soldier ant
  6685 | D:8      | Reached skill level 10 in Armour
  6703 | D:8      | Noticed a hill giant
  6727 | D:8      | Killed a hill giant
  6743 | D:8      | Got an ancient iron amulet
  6750 | D:8      | Identified the amulet of Cisheng {Faith Str+4 Stlth+} (You found it on level 8 of the Dungeon)
  6876 | D:8      | Found a glowing golden altar of the Shining One.
  7377 | D:9      | Found Thrienuilo's Antique Armour Boutique.
  7393 | D:9      | Reached skill level 1 in Shields
  7393 | D:9      | Reached XP level 10. HP: 85/91 MP: 5/5
  7402 | D:9      | Found Qailiv's Gadget Shoppe.
  7426 | D:9      | Found a stormy altar of Qazlal.
  7464 | D:9      | Found an ancient bone altar of Kikubaaqudgha.
  7481 | D:9      | Found a staircase to the Lair.
  7491 | D:9      | Reached skill level 1 in Evocations
  7505 | D:9      | Received a gift from Trog
  7755 | D:10     | Entered Level 10 of the Dungeon
  7893 | D:10     | Reached skill level 10 in Fighting
  7902 | D:10     | Reached skill level 11 in Armour
  7979 | D:10     | Reached skill level 1 in Throwing
  8068 | D:10     | Found a glowing silver altar of Zin.
  8220 | D:10     | Got a pitted buckler
  8231 | D:10     | Identified the -4 buckler "Camo Stro" {+Blink rPois+ rC- Str-3} (You found it on level 10 of the Dungeon)
  8323 | D:10     | Noticed a hill giant
  8329 | D:10     | Killed a hill giant
  8329 | D:10     | Reached skill level 5 in Axes
  8540 | D:10     | Found a staircase to the Orcish Mines.
  8564 | D:10     | Found a roughly hewn altar of Beogh.
  8755 | D:6      | Received a gift from Trog
  8936 | D:6      | Found a staircase to the Ecumenical Temple.
  9009 | Temple   | Entered the Ecumenical Temple
  9071 | Temple   | Gained mutation: You are weak. (Str -2) [potion of mutation]
  9071 | Temple   | Gained mutation: Scrolls take you a little longer to read. [potion of mutation]
  9071 | Temple   | Gained mutation: You can spit poison. [potion of mutation]
  9343 | D:6      | Got a shimmering ring mail
  9354 | D:6      | Identified the +0 ring mail "Phir" {rPois- MP+9 SInv} (You found it on level 6 of the Dungeon)
  9526 | D:6      | Received a gift from Trog
 10366 | D:11     | Noticed a manticore
 10379 | D:11     | Killed a manticore
 10379 | D:11     | Reached XP level 11. HP: 65/101 MP: 10/10
 10763 | D:11     | Noticed a centaur warrior
 10770 | D:11     | Killed a centaur warrior
 10773 | D:11     | Received a gift from Trog
 11205 | D:12     | Noticed Nergalle
 11209 | D:12     | Noticed a tengu warrior
 11212 | D:12     | Killed Nergalle
 11212 | D:12     | Reached skill level 12 in Armour
 11212 | D:12     | Reached skill level 5 in Shields
 11219 | D:12     | Killed a tengu warrior
 11329 | D:12     | Found an ancient bone altar of Kikubaaqudgha.
 11364 | D:12     | Received a gift from Trog
 11574 | D:12     | Reached skill level 10 in Dodging
 11873 | D:13     | Reached XP level 12. HP: 100/111 MP: 14/14
 11989 | D:13     | Received a gift from Trog
 11990 | D:13     | Reached skill level 10 in Axes
 11997 | D:13     | Found a gate to the Vaults.
 12355 | D:13     | Noticed a hill giant
 12361 | D:13     | Killed a hill giant
 12570 | Orc:1    | Entered Level 1 of the Orcish Mines
 12961 | D:9      | Bought an encrusted scale mail for 297 gold pieces
 12961 | D:9      | Bought a spiked scale mail for 297 gold pieces
 12971 | D:9      | Identified the +4 scale mail "Duruvyri" {rC+} (You bought it in a shop on level 9 of the Dungeon)
 12981 | D:9      | Identified the +3 scale mail of Defence {rCorr Int+6 Stlth+} (You bought it in a shop on level 9 of the Dungeon)
 12995 | D:9      | Bought a plain deck of wonders for 224 gold pieces
 13079 | D:7      | Received a gift from Trog
 13361 | Orc:2    | Noticed Maurice
 13375 | Orc:2    | Killed Maurice
 13424 | Orc:2    | Noticed Josephine
 13434 | Orc:2    | Killed Josephine
 13434 | Orc:2    | Reached skill level 5 in Evocations
 13579 | Orc:2    | Noticed an orc warlord
 13590 | Orc:2    | Killed an orc warlord
 13634 | Orc:2    | Found Duhamus' Weapon Shoppe.
 13833 | Orc:3    | Received a gift from Trog
 13927 | Orc:4    | Entered Level 4 of the Orcish Mines
 13927 | Orc:4    | Found a staircase to the Elven Halls.
 14024 | Orc:4    | Found an iron altar of Okawaru.
 14364 | Orc:4    | Found Ozuunkent's Assorted Antiques.
 14374 | Orc:4    | Reached skill level 1 in Stealth
 14378 | Orc:4    | Received a gift from Trog
 14403 | Orc:4    | Found Qula's General Store.
 14491 | Orc:4    | Reached XP level 13. HP: 60/119 MP: 16/18
 14721 | Orc:4    | Found Irecilume's Distillery.
 14774 | Orc:4    | Found Dikun's Weapon Emporium.
 14790 | Orc:4    | Bought a pink potion for 31 gold pieces
 14790 | Orc:4    | Bought a pair of runed gloves for 157 gold pieces
 14974 | Orc:4    | Reached skill level 13 in Fighting
 14995 | Orc:4    | Lost mutation: Scrolls take you a little longer to read. [potion of cure mutation]
 14995 | Orc:4    | Lost mutation: You are weak. (Str -2) [potion of cure mutation]
 14995 | Orc:4    | Lost mutation: You can spit poison. [potion of cure mutation]
 14996 | Orc:4    | Gained mutation: You have supernaturally acute eyesight. [potion of beneficial mutation]
 15160 | Temple   | Gained mutation: You have a pair of large horns on your head. [potion of beneficial mutation]
 15161 | Temple   | Gained mutation: You are surrounded by a mild repulsion field (EV +2). [potion of beneficial mutation]
 15484 | D:8      | Fell from the grace of Trog
 15484 | D:8      | Became a worshipper of the Shining One
 15653 | Orc:2    | Found Sebub's Antique Armour Shoppe.
 15655 | Orc:2    | Noticed Psyche
 15659 | Orc:2    | Killed Psyche
 15675 | Orc:2    | Bought a pair of runed boots for 126 gold pieces
 15834 | Orc:3    | Found a bloodstained altar of Trog.
 16202 | Orc:3    | Acquired the Shining One's first power
 16701 | Elf:1    | Entered Level 1 of the Elven Halls
 16711 | Elf:1    | Reached skill level 1 in Invocations
 16755 | Elf:1    | Found a radiant altar of Vehumet.
 16793 | Elf:1    | Noticed a deep elf annihilator
 16800 | Elf:1    | Killed a deep elf annihilator
 16923 | Elf:1    | Found Coopegri's Armour Boutique.
 17096 | Elf:1    | Acquired the Shining One's second power
 17266 | Elf:1    | Found a deep blue altar of Sif Muna.
 17337 | Elf:1    | Noticed Nikola
 17361 | Elf:1    | Killed Nikola
 17824 | Lair:1   | Entered Level 1 of the Lair of Beasts
 20099 | Elf:1    | Bought the +6 scale mail of Broken Taboos {rPois+ rC+ rCorr Str+3} for 1089 gold pieces
 20583 | Lair:3   | Reached XP level 14. HP: 105/130 MP: 20/20
 20825 | Lair:3   | Found a staircase to the Swamp.
 20914 | Lair:3   | Reached skill level 14 in Fighting
 22290 | Swamp:1  | Entered Level 1 of the Swamp
 22315 | Swamp:1  | Gained mutation: Armour fits poorly on your strangely shaped body. [helix card]
 22499 | Swamp:1  | Found a burning altar of Makhleb.
 22684 | Swamp:1  | Got a pair of slimy boots
 22697 | Swamp:1  | Identified the +1 pair of boots of Inevitability {rN+} (You found it on level 1 of the Swamp)
 23232 | Swamp:2  | Acquired the Shining One's third power
 24804 | Temple   | Learned a level 1 spell: Summon Small Mammal
 24807 | Temple   | Learned a level 2 spell: Stoneskin
 24811 | Temple   | Learned a level 3 spell: Stone Arrow
 25228 | D:14     | Acquired the Shining One's fourth power
 25409 | D:14     | Reached skill level 15 in Fighting
 25409 | D:14     | Reached XP level 15. HP: 138/141 MP: 22/22
 25486 | D:14     | Hired Qephodiq the big kobold for 96 gold.
 25490 | D:14     | Your ally Qephodiq died
 25886 | D:14     | Noticed Fannar
 25894 | D:14     | Killed Fannar
 25927 | D:14     | Reached skill level 1 in Earth Magic
 26144 | D:14     | Noticed Louise
 26156 | D:14     | Cast into the Abyss (Louise)
 26182 | D:14     | Escaped the Abyss
 26183 | D:14     | Gained mutation: Your spells are a little easier to cast, but a little less powerful. [helix card]
 26196 | D:14     | Killed Louise
 26196 | D:14     | Reached skill level 1 in Spellcasting
 26499 | D:14     | Noticed Maud
 26505 | D:14     | Killed Maud
 26526 | D:15     | Entered Level 15 of the Dungeon
 26567 | D:15     | Reached skill level 5 in Invocations
 26612 | D:15     | Noticed Rupert
 26612 | D:15     | Paralysed by Rupert for 2 turns
 26643 | D:15     | Killed Rupert
 26802 | D:15     | Reached skill level 10 in Shields
 27421 | D:15     | Found a staircase to the Depths.
 28353 | Lair:5   | Was forgiven by Trog
 28381 | Lair:5   | Found a dark tunnel.
 28391 | Volcano  | Entered a volcano
 28474 | Volcano  | Noticed Nessos
 28482 | Volcano  | Killed Nessos
 29697 | Lair:5   | Found a hole to the Spider Nest.
 30371 | Lair:6   | Noticed Snorg
 30380 | Lair:6   | Killed Snorg
 30899 | Lair:7   | Found a staircase to the Slime Pits.
 30899 | Lair:7   | Found a viscous altar of Jiyva.
 31013 | Lair:7   | Got a transparent plate armour
 31024 | Lair:7   | Identified the cursed -4 plate armour of Pathos {rPois+ Regen+ rCorr Str+2 Int-4} (You found it on level 7 of the Lair of Beasts)
 31269 | Lair:7   | Reached XP level 16. HP: 151/151 MP: 23/23
 31663 | Lair:8   | Entered Level 8 of the Lair of Beasts
 32028 | Slime:1  | Entered Level 1 of the Pits of Slime
 32028 | Slime:1  | Noticed an acid blob
 32036 | Lair:7   | Killed an acid blob
 32036 | Lair:7   | Reached skill level 16 in Fighting
 32277 | Slime:1  | Noticed an acid blob
 32289 | Slime:1  | Killed an acid blob
 32331 | Slime:1  | Gained mutation: You are frail (-10% HP). [a shining eye]
 32332 | Slime:1  | Gained mutation: Potions and wands are less effective at restoring your health. [a shining eye]
 32338 | Slime:1  | Noticed an acid blob
 32353 | Slime:1  | Reached skill level 15 in Axes
 32356 | Slime:1  | Killed an acid blob
 32706 | Slime:1  | Noticed an acid blob
 32717 | Slime:1  | Killed an acid blob
 32737 | Slime:1  | Noticed an acid blob
 32747 | Slime:1  | Killed an acid blob
 33070 | Slime:2  | Noticed an acid blob
 33082 | Slime:2  | Killed an acid blob
 33330 | Slime:2  | Noticed an acid blob
 33367 | Slime:2  | Killed an acid blob
 33379 | Slime:2  | Lost mutation: Potions and wands are less effective at restoring your health. [a shining eye]
 33384 | Slime:2  | Lost mutation: You have supernaturally acute eyesight. [a shining eye]
 33941 | Lair:8   | Got a heavily runed ring mail
 33952 | Lair:8   | Identified the +6 ring mail of the Will of the Gods {rF+ rN+} (You found it on level 8 of the Lair of Beasts)
 35120 | Temple   | Learned a level 5 spell: Lee's Rapid Deconstruction
 35550 | Elf:1    | Reached skill level 15 in Armour
 36029 | Elf:2    | Reached XP level 17. HP: 144/144 MP: 23/23
 36159 | Elf:2    | Found a frozen archway.
 36205 | IceCv    | Entered an ice cave
 36556 | IceCv    | Reached skill level 17 in Fighting
 37263 | Elf:2    | Found a runed gate.
 37264 | Elf:2    | Found a runed gate.
 37264 | Elf:2    | Found a runed gate.
 38026 | Elf:3    | Entered Level 3 of the Elven Halls
 38224 | Elf:3    | Got a wizard robe
 38235 | Elf:3    | Identified the +0 robe of the Queen of Wands {rCorr Str+4} (You found it on level 3 of the Elven Halls)
 38955 | Elf:3    | Noticed Kirke
 38967 | Elf:3    | Killed Kirke
 38982 | Elf:3    | Reached XP level 18. HP: 151/153 MP: 25/25
 38988 | Elf:3    | Got a twitching ruby amulet
 38990 | Elf:3    | Identified the amulet of Schol {rF+ rC+ Regen+ Int-2 Dex+2} (You took it off a deep elf annihilator on level 3 of the Elven Halls)
 39031 | Elf:3    | Reached skill level 5 in Spellcasting
 39055 | Elf:3    | Was placed under penance by the Shining One
 39409 | Elf:3    | Was forgiven by the Shining One
 39423 | Elf:3    | Got a twitching emerald amulet
 39427 | Elf:3    | Identified the amulet "Ghungo" {+Rage Int+3 SInv} (You took it off a deep elf mage on level 3 of the Elven Halls)
 39437 | Elf:3    | Got a shimmering dire flail
 39473 | Elf:3    | Reached skill level 18 in Fighting
 39490 | Elf:3    | Noticed a Brimstone Fiend
 40475 | Elf:3    | Got a warped leather armour
 40486 | Elf:3    | Identified the +1 leather armour of Infinity {HP+9 Str+4 Int+4} (You took it off a deep elf demonologist on level 3 of the Elven Halls)
 40575 | Elf:3    | Identified the Disquisition on Feathers and Curses (You found it on level 3 of the Elven Halls)
 40976 | Temple   | Identified the +6 dire flail "Gheahoag" {vamp, +Inv} (You took it off a deep elf mage on level 3 of the Elven Halls)
 41862 | Swamp:4  | Found a blossoming altar of Fedhas.
 42015 | Swamp:4  | Noticed Wiglaf
 42028 | Swamp:4  | Killed Wiglaf
 42237 | Swamp:4  | Reached skill level 15 in Dodging
 42576 | Swamp:5  | Entered Level 5 of the Swamp
 44310 | Spider:1 | Entered Level 1 of the Spider Nest
 44529 | Spider:1 | Drew Focus: Str increased to 26, Int decreased to 7
 44530 | Spider:1 | Hired Waezul the big kobold for 102 gold.
 44542 | Spider:1 | Your ally Waezul died
 44837 | Spider:1 | Reached XP level 19. HP: 153/162 MP: 28/28
 45040 | Spider:2 | Reached skill level 10 in Invocations
 45756 | Spider:3 | Lost mutation: Armour fits poorly on your strangely shaped body. [helix card]
 45763 | Spider:3 | Gained mutation: You are resistant to hostile enchantments. [helix card]
 45767 | Spider:3 | Lost mutation: You have a pair of large horns on your head. [helix card]
 45767 | Spider:3 | Gained mutation: You have sharp toenails. [helix card]
 45773 | Spider:3 | Drew Focus: Str increased to 27, Int decreased to 6
 45778 | Spider:3 | Gained mutation: You are partially covered in large bone plates (AC +2, SH +2). [potion of beneficial mutation]
 47835 | Spider:4 | Noticed Norris
 47852 | Spider:4 | Killed Norris
 48519 | Spider:5 | Entered Level 5 of the Spider Nest
 49291 | Spider:5 | Got a gossamer rune of Zot
 49319 | Spider:5 | Reached skill level 19 in Fighting
 49695 | Vaults:1 | Entered Level 1 of the Vaults
 50207 | Vaults:1 | Reached XP level 20. HP: 152/171 MP: 28/28
 50374 | Vaults:1 | Found Clootiri's Magic Scroll Boutique.
 51174 | Depths:1 | Entered Level 1 of the Depths
 51514 | Depths:1 | Found a gateway to Hell.
 51698 | Depths:1 | Was placed under penance by the Shining One
 51772 | Depths:1 | Found a runed gate.
 51807 | Depths:1 | Found a runed gate.
 51807 | Depths:1 | Found a runed gate.
 51888 | Depths:1 | Was forgiven by the Shining One
 52007 | Depths:1 | Reached skill level 1 in Transmutations
 52296 | Depths:2 | Was placed under penance by the Shining One
 52329 | Depths:2 | Found a corrupted altar of Lugonu.
 52330 | Depths:2 | Found a one-way gate to the infinite horrors of the Abyss.
 52342 | Depths:2 | Found a shattered altar of Ashenzari.
 52550 | Depths:2 | Noticed a golden dragon
 52550 | Depths:2 | Was forgiven by the Shining One
 52570 | Depths:2 | Killed a golden dragon
 52586 | Depths:2 | Reached XP level 21. HP: 140/180 MP: 19/29
 52638 | Depths:2 | Found an ancient bone altar of Kikubaaqudgha.
 52682 | Depths:2 | Was placed under penance by the Shining One
 52741 | Depths:2 | Reached skill level 20 in Axes
 52798 | Depths:2 | Found a shattered altar of Ashenzari.
 52883 | Depths:2 | Was forgiven by the Shining One
 53030 | Depths:2 | Found a burning altar of Makhleb.
 53060 | Depths:2 | Learned a level 3 spell: Call Canine Familiar
 53233 | Depths:2 | Identified a scroll of acquirement
 53493 | Depths:2 | Got a warped dagger
 53494 | Depths:2 | Identified the cursed -1 dagger "Jamig" {flame, +Twstr MR++} (You found it on level 2 of the Depths)
 54547 | Vaults:2 | Reached skill level 21 in Axes
 54785 | Vaults:2 | Found a staircase to the Crypt.
 55088 | Vaults:2 | Reached XP level 22. HP: 189/189 MP: 30/30
 55418 | Vaults:2 | Identified the Disquisition on the Glacier (You found it on level 2 of the Vaults)
 55786 | Crypt:1  | Entered Level 1 of the Crypt
 55964 | Crypt:1  | Reached skill level 15 in Shields
 57118 | Crypt:2  | Reached skill level 22 in Axes
 57197 | Crypt:3  | Entered Level 3 of the Crypt
 57343 | Crypt:3  | Found a staircase to the Tomb.
 58136 | Crypt:3  | Reached XP level 23. HP: 184/197 MP: 31/31
 58155 | Crypt:3  | Found a basalt altar of Yredelemnul.
 58156 | Crypt:3  | Found an ancient bone altar of Kikubaaqudgha.
 58219 | Crypt:3  | Got an ancient bone amulet
 58220 | Crypt:3  | Identified the amulet of the Tortoise {rCorr -Cast Int+2 SInv Stlth+} (You found it on level 3 of the Crypt)
 58300 | Crypt:3  | Got a scorched flail
 58301 | Crypt:3  | Identified the +3 flail "Roh Osue" {pain, MR+ HP+9 MP+9} (You found it on level 3 of the Crypt)
 58546 | Crypt:3  | Learned a level 6 spell: Statue Form
 60340 | Slime:5  | Found a viscous altar of Jiyva.
 60921 | Slime:3  | Noticed an acid blob
 60940 | Slime:4  | Killed an acid blob
 61380 | Slime:6  | Entered Level 6 of the Pits of Slime
 61500 | Slime:6  | Reached skill level 23 in Axes
 62096 | Slime:6  | Noticed the royal jelly
 62109 | Slime:6  | Killed the royal jelly
 62348 | Slime:6  | Got a pair of polished boots
 62359 | Slime:6  | Identified the +1 pair of boots of Chimes {rElec rF+ MP+9} (You found it on level 6 of the Pits of Slime)
 62545 | Slime:6  | Got a scorched bronze ring
 62547 | Slime:6  | Identified the cursed ring "Muetuiho" {rPois+ rN+ AC-4} (You found it on level 6 of the Pits of Slime)
 62560 | Slime:6  | Got a distressingly furry plate armour
 62571 | Slime:6  | Identified the +10 plate armour of Ennui {MR+ Int+4} (You found it on level 6 of the Pits of Slime)
 62636 | Slime:6  | Got a slimy rune of Zot
 63095 | Temple   | Learned a level 2 spell: Swiftness
 63565 | Depths:3 | Found a snail-covered altar of Cheibriados.
 63704 | Depths:3 | Reached XP level 24. HP: 207/207 MP: 32/32
 63725 | Depths:3 | Found a sparkling altar of Nemelex Xobeh.
 63726 | Depths:3 | Found a one-way gate leading to the halls of Pandemonium.
 63775 | Depths:3 | Reached skill level 10 in Evocations
 63871 | Depths:3 | Found an ancient bone altar of Kikubaaqudgha.
 63970 | Depths:3 | Got a pair of slimy gloves
 64056 | Depths:3 | Identified the +2 pair of gloves of Honesty {Str+4} (You found it on level 3 of the Depths)
 64304 | Depths:3 | Found an opulent altar of Gozag.
 64454 | Depths:3 | Found a gateway to a ziggurat.
 64618 | Depths:3 | Was placed under penance by the Shining One
 65202 | Depths:4 | Reached skill level 24 in Axes
 65225 | Depths:4 | Was forgiven by the Shining One
 65750 | Depths:4 | Found a sparkling altar of Nemelex Xobeh.
 65760 | Depths:4 | Got a smoking war axe
 65761 | Depths:4 | Identified the +4 war axe of the Tent {holy, Str+5 Int-4 Dex+3} (You found it on level 4 of the Depths)
 65901 | Depths:4 | Noticed Margery
 65925 | Depths:4 | Killed Margery
 66175 | Depths:5 | Entered Level 5 of the Depths
 66338 | Depths:5 | Reached XP level 25. HP: 214/214 MP: 32/32
 66430 | Depths:5 | Reached skill level 5 in Earth Magic
 67041 | Depths:5 | Found a gate to the Realm of Zot.
 67970 | Swamp:5  | Noticed a bone dragon
 67999 | Swamp:5  | Killed a bone dragon
 68017 | Swamp:5  | Got a decaying rune of Zot
 68822 | Tomb:1   | Entered Level 1 of the Tomb of the Ancients
 69127 | Tomb:1   | Noticed Jorgrun
 69156 | Tomb:1   | Killed Jorgrun
 69158 | Tomb:1   | Noticed Frederick
 69175 | Tomb:1   | Killed Frederick
 69710 | Tomb:1   | Noticed Sojobo
 69724 | Tomb:1   | Killed Sojobo
 69928 | Tomb:1   | Reached skill level 25 in Axes
 70229 | Tomb:1   | Noticed Boris
 70247 | Tomb:1   | Killed Boris
 70840 | Tomb:1   | Reached XP level 26. HP: 223/223 MP: 34/34
 71282 | Tomb:2   | Noticed Boris
 71345 | Tomb:1   | Identified a cursed +4 rod of the swarm (13/13) (You took it off a guardian mummy on level 1 of the Tomb of the Ancients)
 72358 | Tomb:2   | Killed Boris
 72617 | Tomb:2   | Paralysed by the power of Zot for 4 turns
 74043 | Tomb:3   | Entered Level 3 of the Tomb of the Ancients
 74162 | Tomb:3   | Reached XP level 27. HP: 219/231 MP: 34/35
 74166 | Tomb:2   | HP: 9/231 [poison (dark miasma)]
 75692 | Tomb:3   | Noticed an ancient lich
 75697 | Tomb:3   | Was placed under penance by the Shining One
 76127 | Tomb:2   | Killed an ancient lich
 76127 | Tomb:2   | Reached skill level 26 in Axes
 76426 | Tomb:3   | Was forgiven by the Shining One
 76570 | Tomb:3   | Noticed an ancient lich
 76590 | Tomb:3   | Killed an ancient lich
 76701 | Tomb:3   | Got a pitted platinum amulet
 76716 | Tomb:3   | Got a shimmering marble ring
 76720 | Tomb:3   | Identified the ring "Frokhoen" {rN+ MR- MP+9 Dex+2} (You found it on level 3 of the Tomb of the Ancients)
 76757 | Tomb:3   | Identified the amulet "Zuusun" {rElec Regen+ Int-2} (You found it on level 3 of the Tomb of the Ancients)
 76770 | Tomb:3   | Got a faintly glowing quarterstaff
 76776 | Tomb:3   | Identified the cursed +0 quarterstaff of Subjectivity {freeze, +Inv +Fly Dex+3 Stlth++} (You found it on level 3 of the Tomb of the Ancients)
 76929 | Tomb:3   | Got a golden rune of Zot
 78469 | Hell     | Entered the Vestibule of Hell
 78469 | Hell     | Noticed Geryon
 78508 | Hell     | Killed Geryon
 78569 | Hell     | Found a gateway to the decaying netherworld of Tartarus.
 78645 | Hell     | Found a gateway to the ashen valley of Gehenna.
 78842 | Hell     | Found a gateway to the Iron City of Dis.
 78962 | Hell     | Found a gateway to the freezing wastes of Cocytus.
 79032 | Tar:1    | Entered Level 1 of Tartarus
 80290 | Tar:7    | Entered Level 7 of Tartarus
 80405 | Tar:7    | Reached skill level 27 in Axes
 80507 | Tar:7    | Identified the Collected Works on Shape Shifting
 80510 | Tar:7    | Got a twitching amethyst amulet
 80515 | Tar:7    | Got a bloodstained long sword
 80523 | Tar:7    | Identified the amulet "Siystoyp" {rCorr +Fly Str-4} (You found it on level 7 of Tartarus)
 80526 | Tar:7    | Identified the +3 long sword of Misery {venom, MR+ Str+4} (You found it on level 7 of Tartarus)
 80553 | Tar:7    | Noticed an ancient lich
 80562 | Tar:7    | Killed an ancient lich
 80620 | Tar:7    | Noticed the Serpent of Hell
 80636 | Tar:7    | Killed the Serpent of Hell
 80769 | Tar:7    | Noticed an ancient lich
 80779 | Tar:7    | Killed an ancient lich
 80782 | Tar:7    | Noticed Ereshkigal
 80815 | Tar:7    | Killed Ereshkigal
 80846 | Tar:7    | Got a bone rune of Zot
 81341 | Dis:1    | Entered Level 1 of the Iron City of Dis
 81761 | Dis:3    | Reached skill level 10 in Spellcasting
 82337 | Dis:7    | Entered Level 7 of the Iron City of Dis
 83164 | Dis:7    | Identified the Papyrus of the Escort
 83553 | Dis:7    | Got a smoking golden ring
 83557 | Dis:7    | Identified the ring "Tiruades" {rF+ MR+ HP+9 MP-9 Dex+4} (You found it on level 7 of the Iron City of Dis)
 83560 | Dis:7    | Got a brightly glowing great sword
 83571 | Dis:7    | Identified the +4 great sword "Guxyn" {slice, *Rage Str+3 Dex+2} (You found it on level 7 of the Iron City of Dis)
 83583 | Dis:7    | Identified Muycus' Compendium of Supportive Battle Magic
 83608 | Dis:7    | Got a steaming mace
 83609 | Dis:7    | Identified the +2 mace "Vooruq" {crush, rF+ Int-4 Dex+3} (You found it on level 7 of the Iron City of Dis)
 83615 | Dis:7    | Got a steaming halberd
 83616 | Dis:7    | Identified the +7 halberd of Muophuol {flame, MR++} (You found it on level 7 of the Iron City of Dis)
 83625 | Dis:7    | Got a dazzling troll leather armour
 83645 | Dis:7    | Identified the +4 troll leather armour of the Ancient Blessings {rF+ rC+ rN- Regen+ Str-3 SInv} (You found it on level 7 of the Iron City of Dis)
 83805 | Dis:7    | Noticed Dispater
 83876 | Dis:7    | Killed Dispater
 83942 | Dis:7    | Got an iron rune of Zot
 83961 | Dis:7    | Got a warped spear
 83962 | Dis:7    | Identified the +5 spear of Defiance {antimagic, -Tele +Inv rC+ MR+ Dex+3} (You found it on level 7 of the Iron City of Dis)
 84103 | Geh:1    | Entered Level 1 of Gehenna
 84851 | Geh:7    | Entered Level 7 of Gehenna
 84882 | Geh:7    | Reached skill level 15 in Invocations
 85661 | Geh:7    | Learned a level 3 spell: Flight
 85863 | Geh:7    | Noticed Asmodeus
 85898 | Geh:7    | Killed Asmodeus
 86189 | Geh:7    | Got an obsidian rune of Zot
 86250 | Geh:7    | Got a brightly glowing marble ring
 86252 | Geh:7    | Identified the ring of Divuil {Fire rElec rPois+ rN+ MR+ Slay+3} (You found it on level 7 of Gehenna)
 86259 | Geh:7    | Identified Fyepesei's Catalogue of Freezing Execration (You found it on level 7 of Gehenna)
 86270 | Geh:7    | Learned a level 2 spell: Repel Missiles
 86273 | Geh:7    | Learned a level 2 spell: Blink
 86283 | Geh:7    | Got a shimmering plate armour
 86294 | Geh:7    | Identified the +2 plate armour "Niphebbu" {*Tele rPois+ rCorr MP-9 Dex+4 SInv} (You found it on level 7 of Gehenna)
 86304 | Geh:7    | Got a shimmering rapier
 86305 | Geh:7    | Lost intelligence.
 86305 | Geh:7    | Identified the +6 rapier of Duty {drain, Str+4 Int-3 Dex+4 Stlth+} (You found it on level 7 of Gehenna)
 86316 | Geh:7    | Identified the Incunabulum of Snow and Translocation (You found it on level 7 of Gehenna)
 86344 | Geh:7    | Got a polished chain mail
 86355 | Geh:7    | Identified the +7 chain mail "Wihen" {rC+ rN+ Str-3} (You found it on level 7 of Gehenna)
 87034 | Temple   | Learned a level 2 spell: Shroud of Golubria
 87037 | Temple   | Learned a level 2 spell: Song of Slaying
 87215 | Orc:4    | Bought a potion of heal wounds for 65 gold pieces
 87215 | Orc:4    | Bought a potion of might for 52 gold pieces
 87215 | Orc:4    | Bought a potion of heal wounds for 65 gold pieces
 87215 | Orc:4    | Bought 2 potions of heal wounds for 130 gold pieces
 87215 | Orc:4    | Bought a potion of might for 52 gold pieces
 87215 | Orc:4    | Bought a potion of restore abilities for 65 gold pieces
 87229 | Orc:4    | Bought a scroll of fear for 49 gold pieces
 87229 | Orc:4    | Bought a scroll of magic mapping for 49 gold pieces
 87232 | Orc:4    | Bought a potion of curing for 105 gold pieces
 87482 | Temple   | Learned a level 3 spell: Spectral Weapon
 87845 | Zig:1    | Entered Level 1 of a ziggurat
 87869 | Zig:2    | Entered Level 2 of a ziggurat
 87899 | Zig:3    | Entered Level 3 of a ziggurat
 87934 | Zig:4    | Entered Level 4 of a ziggurat
 87977 | Zig:5    | Entered Level 5 of a ziggurat
 88002 | Zig:5    | Identified the Compendium of Heat and Conjuration
 88013 | Zig:5    | Got a crude scimitar
 88014 | Zig:5    | Identified the cursed -2 scimitar of Tenacity {slice, rPois+ Str+2 Dex-2 SInv} (You found it on level 5 of a ziggurat)
 88020 | Zig:5    | Got a heavily runed leather armour
 88032 | Zig:5    | Identified the +3 leather armour of the Hare {HP+9 Str+2 Int+3} (You found it on level 5 of a ziggurat)
 88054 | Zig:6    | Entered Level 6 of a ziggurat
 88090 | Zig:6    | Identified the Handbook of Blows and Bruises
 88132 | Zig:6    | Got a bone war axe
 88133 | Zig:6    | Identified the +12 war axe "Xaskok" {chop, +Fly rElec Stlth+} (You found it on level 6 of a ziggurat)
 88140 | Zig:7    | Entered Level 7 of a ziggurat
 88275 | Zig:8    | Entered Level 8 of a ziggurat
 88376 | Zig:8    | Identified the Disquisition on Warped Bewitchment (You found it on level 8 of a ziggurat)
 88408 | Zig:9    | Entered Level 9 of a ziggurat
 88518 | Zig:9    | Reached skill level 1 in Charms
 88518 | Zig:9    | Reached skill level 1 in Summonings
 88518 | Zig:9    | Reached skill level 1 in Air Magic
 88537 | Zig:9    | Learned a level 5 spell: Phase Shift
 88557 | Zig:10   | Entered Level 10 of a ziggurat
 88600 | Zig:10   | Reached skill level 1 in Translocations
 88638 | Zig:10   | Identified a +4 rod of destruction (14/14) (You found it on level 10 of a ziggurat)
 88642 | Zig:10   | Identified a +5 rod of the swarm (11/11) (You found it on level 10 of a ziggurat)
 88660 | Zig:10   | Got a crude ring mail
 88683 | Zig:11   | Entered Level 11 of a ziggurat
 88783 | Zig:11   | Got an ancient cloak
 88789 | Zig:11   | Identified the +1 cloak "Kurch" {rCorr Slay+5} (You found it on level 11 of a ziggurat)
 88818 | Zig:11   | Identified the cursed -1 ring mail "Damap" {rElec rCorr} (You found it on level 10 of a ziggurat)
 88832 | Zig:11   | Got a transparent amethyst amulet
 88835 | Zig:11   | Identified the amulet "Tiytiesa" {+Rage rC++ HP+9 Int+4 Dex+3} (You found it on level 11 of a ziggurat)
 88868 | Zig:11   | Got a slimy flail
 88869 | Zig:11   | Identified the cursed +3 flail "Enizxek" {speed, rElec rC+ Str+3} (You found it on level 11 of a ziggurat)
 88942 | Zig:12   | Entered Level 12 of a ziggurat
 89194 | Zig:12   | Identified the Compendium of Calling (You found it on level 12 of a ziggurat)
 89251 | Zig:13   | Entered Level 13 of a ziggurat
 89273 | Zig:13   | Gained mutation: You heal slowly when monsters are visible. [a shining eye]
 89291 | Zig:13   | Gained mutation: You are partially covered in iridescent scales (AC +4). [a shining eye]
 89377 | Zig:13   | Lost mutation: You have sharp toenails. [potion of cure mutation]
 89377 | Zig:13   | Lost mutation: You are frail (-10% HP). [potion of cure mutation]
 89429 | Zig:13   | Lost mutation: You are partially covered in large bone plates (AC +2, SH +2). [potion of cure mutation]
 89429 | Zig:13   | Lost mutation: You heal slowly when monsters are visible. [potion of cure mutation]
 89429 | Zig:13   | Lost mutation: Your spells are a little easier to cast, but a little less powerful. [potion of cure mutation]
 89429 | Zig:13   | Lost mutation: You are resistant to hostile enchantments. [potion of cure mutation]
 89429 | Zig:13   | Lost mutation: You are surrounded by a mild repulsion field (EV +2). [potion of cure mutation]
 89432 | Zig:13   | Gained mutation: You are resistant to hostile enchantments. [potion of beneficial mutation]
 89444 | Zig:13   | Identified the Disquisition on Curses (You found it on level 13 of a ziggurat)
 89461 | Zig:13   | Got a brightly glowing ring mail
 89472 | Zig:13   | Identified the cursed -3 ring mail of the Present {rF- rN+ Int+3} (You found it on level 13 of a ziggurat)
 89481 | Zig:13   | Got a bloodstained battleaxe
 89487 | Zig:13   | Identified the +9 battleaxe "Kutepuoh" {chop, +Inv rElec rN- MR+ Str-2 Dex+3} (You found it on level 13 of a ziggurat)
 89491 | Zig:13   | Identified Litreapp's Incunabulum of Torrid Summoning (You found it on level 13 of a ziggurat)
 89500 | Zig:13   | Got a transparent plate armour
 89506 | Zig:13   | Identified the +0 plate armour of Hospitality {rF+ rN- MR+} (You found it on level 13 of a ziggurat)
 89541 | Zig:14   | Entered Level 14 of a ziggurat
 89568 | Zig:14   | Noticed an ancient lich
 89584 | Zig:14   | Killed an ancient lich
 89672 | Zig:15   | Entered Level 15 of a ziggurat
 89755 | Zig:15   | Reached skill level 1 in Conjurations
 89755 | Zig:15   | Reached skill level 1 in Hexes
 89820 | Zig:15   | Got a pair of smoking gloves
 89826 | Zig:15   | Identified the cursed -5 pair of gloves "Megugung" {rC+} (You found it on level 15 of a ziggurat)
 89955 | Zig:16   | Entered Level 16 of a ziggurat
 90123 | Zig:16   | Got a scintillating tin amulet
 90125 | Zig:16   | Identified the amulet "Mouf" {rElec rPois- Regen+ Int+3 SInv} (You found it on level 16 of a ziggurat)
 90137 | Zig:16   | Got a heavily runed silver ring
 90139 | Zig:16   | Identified the ring of Naawaen {rF+ rN+ Slay+4 Stlth+} (You found it on level 16 of a ziggurat)
 90428 | Zig:16   | Identified Struso's Papyrus of the Compass (You found it on level 16 of a ziggurat)
 90454 | Zig:17   | Entered Level 17 of a ziggurat
 90706 | Zig:17   | Got a smoking short sword
 90707 | Zig:17   | Identified the +7 short sword of World's End {pierce, rF+ rC- MP+9} (You found it on level 17 of a ziggurat)
 90759 | Zig:17   | Got a bloodstained lajatang
 90765 | Zig:17   | Identified the +6 lajatang of Strawos {drain, rC+} (You found it on level 17 of a ziggurat)
 90857 | Zig:18   | Entered Level 18 of a ziggurat
 90921 | Zig:18   | Reached skill level 27 in Fighting
 90996 | Zig:18   | Identified Ozocubu's Papyrus of the Harmful Snowflakes
 91010 | Zig:18   | Got a transparent steel amulet
 91012 | Zig:18   | Identified the amulet "Shuwur" {Faith Dex+6 Slay-2} (You found it on level 18 of a ziggurat)
 91020 | Zig:18   | Identified the Reference Book on Gliding Aid
 91028 | Zig:18   | Learned a level 6 spell: Deflect Missiles
 91144 | Zig:19   | Entered Level 19 of a ziggurat
 91324 | Zig:19   | Identified the Disquisition on Changing and Venom
 91469 | Zig:20   | Entered Level 20 of a ziggurat
 91527 | Zig:20   | Noticed Ejuesio the pandemonium lord
 91538 | Zig:20   | Killed Ejuesio the pandemonium lord
 91596 | Zig:20   | Identified Ozocubu's Handbook of the Frostbite
 91709 | Zig:20   | Got a warped great sword
 91710 | Zig:20   | Identified the +4 great sword "Khieck" {slice, rElec Dex+3} (You found it on level 20 of a ziggurat)
 91722 | Zig:20   | Reached skill level 5 in Transmutations
 91728 | Zig:20   | Identified a +3 rod of clouds (13/13) (You found it on level 20 of a ziggurat)
 91748 | Zig:20   | Identified the Tome of Calling (You found it on level 20 of a ziggurat)
 91949 | Zig:21   | Entered Level 21 of a ziggurat
 92051 | Zig:21   | Gained mutation: You heal slowly when monsters are visible. [a shining eye]
 92059 | Zig:21   | Gained mutation: You are frail (-10% HP). [a shining eye]
 92092 | Zig:21   | Gained mutation: Your magical capacity is low (-10% MP). [a shining eye]
 92258 | Zig:21   | Identified a cursed +1 rod of shadows (13/13) (You found it on level 21 of a ziggurat)
 92269 | Zig:21   | Got a pair of slimy gloves
 92280 | Zig:21   | Identified the +1 pair of gloves of the Vacuum {rN+} (You found it on level 21 of a ziggurat)
 92330 | Zig:21   | Lost mutation: You are partially covered in iridescent scales (AC +4). [potion of cure mutation]
 92330 | Zig:21   | Lost mutation: Your magical capacity is low (-10% MP). [potion of cure mutation]
 92330 | Zig:21   | Lost mutation: You are frail (-10% HP). [potion of cure mutation]
 92330 | Zig:21   | Lost mutation: You heal slowly when monsters are visible. [potion of cure mutation]
 92350 | Zig:21   | Got a scorched bronze ring
 92352 | Zig:21   | Got a brightly glowing tin ring
 92352 | Zig:21   | Identified the Grimoire of Stones and the Escort (You found it on level 21 of a ziggurat)
 92360 | Zig:21   | Got a warped amber ring
 92368 | Zig:21   | Identified the cursed ring of Criuti {rElec rF- rN+ Str-5 Int-6 Slay+5} (You found it on level 21 of a ziggurat)
 92373 | Zig:21   | Identified the ring "Appiumou" {-Tele rF+ HP+9 AC+2} (You found it on level 21 of a ziggurat)
 92377 | Zig:21   | Identified the ring of Zyann {Ice +Inv rElec rPois+ Str-4} (You found it on level 21 of a ziggurat)
 92576 | Zig:22   | Entered Level 22 of a ziggurat
 92600 | Zig:22   | Hired Zoucityu the big kobold for 103 gold.
 92604 | Zig:22   | Noticed an ancient lich
 92612 | Zig:22   | Killed an ancient lich
 92612 | Zig:22   | Reached skill level 10 in Earth Magic
 92631 | Zig:22   | Noticed an ancient lich
 92634 | Zig:22   | Noticed an ancient lich
 92639 | Zig:22   | Noticed an ancient lich
 92640 | Zig:22   | Killed an ancient lich
 92646 | Zig:22   | Killed an ancient lich
 92650 | Zig:22   | Killed an ancient lich
 92651 | Zig:22   | Your ally Zoucityu died
 92952 | Zig:22   | Noticed an ancient lich
 92957 | Zig:22   | Killed an ancient lich
 93127 | Zig:22   | Learned a level 5 spell: Summon Forest
 93129 | Zig:22   | Identified Loesm's Catalogue of the Glacier and Envenoming (You found it on level 22 of a ziggurat)
 93136 | Zig:22   | Got a polished plate armour
 93147 | Zig:22   | Identified the +4 plate armour of the Eternal Void {rF+ Str+3 Int-4} (You found it on level 22 of a ziggurat)
 93168 | Zig:23   | Entered Level 23 of a ziggurat
 93171 | Zig:23   | Was placed under penance by the Shining One
 93229 | Zig:23   | Was forgiven by the Shining One
 93239 | Zig:23   | HP: 10/291 [bennu (6)]
 93244 | Zig:23   | HP: 13/291 [greater mummy/divine providence (12)]
 94286 | Coc:1    | Entered Level 1 of Cocytus
 95288 | Coc:7    | Entered Level 7 of Cocytus
 95574 | Coc:7    | Noticed Antaeus
 95607 | Coc:7    | Killed Antaeus
 95653 | Coc:7    | Got an icy rune of Zot
 95686 | Coc:7    | Got a crystal hand axe
 95687 | Coc:7    | Identified the cursed +2 hand axe "Murph" {chop, +Blink Dex+3} (You found it on level 7 of Cocytus)
 95697 | Coc:7    | Got a dazzling glaive
 95698 | Coc:7    | Identified the +9 glaive of Midsummer {chop, +Inv rElec MR+ HP-9} (You found it on level 7 of Cocytus)
 95957 | Coc:7    | Gained mutation: You are dopey. (Int -2) [mutagenic glow]
 96014 | Coc:7    | Gained mutation: You are clumsy. (Dex -2) [mutagenic glow]
 96165 | Coc:7    | Got a bloodstained cloak
 96176 | Coc:7    | Identified the +1 cloak of the Poles {MR+ Str+4 Int+2 Dex-3} (You found it on level 7 of Cocytus)
 96828 | Temple   | Lost mutation: You are resistant to hostile enchantments. [potion of cure mutation]
 96828 | Temple   | Lost mutation: You are dopey. (Int -2) [potion of cure mutation]
 96828 | Temple   | Lost mutation: You are clumsy. (Dex -2) [potion of cure mutation]
 97193 | Pan      | Entered Pandemonium
 97674 | Pan      | Found an exit through the horrors of the Abyss.
 97985 | Depths:3 | Escaped Pandemonium
 99156 | D:8      | Identified a +4 sacred scourge of holy wrath (a +2 demon whip of electrocution blessed by the Shining One)
 99296 | Temple   | Learned a level 4 spell: Leda's Liquefaction
 99520 | Crypt:1  | Identified a +3 rod of ignition (13/13) (You found it on level 1 of the Crypt)
 99706 | Crypt:3  | Identified a +3 rod of inaccuracy (9/9) (You found it on level 3 of the Crypt)
 99749 | Crypt:3  | Identified a -1 rod of ignition (14/14) (You found it on level 3 of the Crypt)
100249 | Tomb:3   | Identified a +2 rod of destruction (9/9) (You found it on level 3 of the Tomb of the Ancients)
101067 | Zot:1    | Entered Level 1 of the Realm of Zot
102167 | Zot:2    | Got an iridescent blowgun
102168 | Zot:2    | Identified the +4 blowgun "Thymab" {speed, Int+3} (You found it on level 2 of the Realm of Zot)
103440 | Zot:3    | Was placed under penance by the Shining One
103499 | Zot:3    | Reached skill level 27 in Shields
103499 | Zot:3    | Reached skill level 10 in Transmutations
103541 | Zot:3    | Reached skill level 15 in Spellcasting
103919 | Zot:4    | Reached skill level 27 in Dodging
104457 | Zot:4    | Was forgiven by the Shining One
104504 | Zot:4    | Reached skill level 5 in Translocations
104901 | Zot:5    | Entered Level 5 of the Realm of Zot
105375 | Zot:5    | Noticed an ancient lich
105379 | Zot:5    | Killed an ancient lich
105402 | Zot:5    | Noticed an ancient lich
105423 | Zot:5    | Killed an ancient lich
105728 | Zot:5    | Noticed an orb of fire
105730 | Zot:5    | Gained mutation: You evolve. [an orb of fire]
105732 | Zot:5    | Gained mutation: You are clumsy. (Dex -2) [an orb of fire]
105741 | Zot:5    | Killed an orb of fire
105865 | Zot:5    | Noticed an orb of fire
105881 | Zot:5    | Killed an orb of fire
105881 | Zot:5    | Reached skill level 5 in Charms
105905 | Zot:5    | Noticed an orb of fire
105916 | Zot:5    | Killed an orb of fire
106004 | Zot:5    | Noticed an ancient lich
106020 | Zot:5    | Killed an ancient lich
106039 | Zot:5    | Cast into the Abyss (a Zot trap)
106039 | Abyss:1  | Found a corrupted altar of Lugonu.
106060 | Abyss:1  | Gained mutation: You rapidly evolve. [evolution]
106140 | Abyss:2  | Reached skill level 5 in Air Magic
106542 | Abyss:2  | Found a corrupted altar of Lugonu.
106709 | Abyss:2  | Paralysed by you for 3 turns
106804 | Abyss:2  | Reached skill level 5 in Maces & Flails
106968 | Abyss:3  | Found a corrupted altar of Lugonu.
106995 | Abyss:4  | Found a corrupted altar of Lugonu.
107023 | Abyss:4  | Gained mutation: Your body is slowly deteriorating. [a neqoxec]
107024 | Abyss:4  | Gained mutation: You heal slowly when monsters are visible. [a neqoxec]
107043 | Abyss:4  | Found a corrupted altar of Lugonu.
107066 | Abyss:4  | Found a corrupted altar of Lugonu.
107438 | Abyss:4  | Got an abyssal rune of Zot
107658 | Zot:5    | Escaped the Abyss
108378 | Temple   | Lost mutation: You are clumsy. (Dex -2) [potion of cure mutation]
108378 | Temple   | Lost mutation: Your body is slowly deteriorating. [potion of cure mutation]
108378 | Temple   | Lost mutation: You rapidly evolve. [potion of cure mutation]
108378 | Temple   | Lost mutation: You evolve. [potion of cure mutation]
108379 | Temple   | Lost mutation: You heal slowly when monsters are visible. [potion of cure mutation]
109120 | Pan      | Entered Pandemonium
109317 | Pan      | Found an exit through the horrors of the Abyss.
109386 | Pan      | Gained mutation: You occasionally shout uncontrollably at your foes. [a neqoxec]
109406 | Pan      | Noticed Suimiaso the pandemonium lord
109411 | Pan      | Gained mutation: You sometimes yell uncontrollably at your foes. [a neqoxec]
109422 | Pan      | Killed Suimiaso the pandemonium lord
109451 | Pan      | Gained mutation: You are weak. (Str -2) [a neqoxec]
109452 | Pan      | Gained mutation: Your magical capacity is low (-10% MP). [a neqoxec]
110288 | Pan      | Got a warped large shield
110289 | Pan      | Identified the +6 large shield of Lesser Demons {+Fly Slay+5} (You took it off a daeva in Pandemonium)
110496 | Pan      | Noticed Suwnat the pandemonium lord
110507 | Pan      | Killed Suwnat the pandemonium lord
110731 | Pan      | Found an exit through the horrors of the Abyss.
110966 | Pan      | Noticed Cristos the pandemonium lord
110993 | Pan      | Your ally razhael died
111047 | Pan      | Gained mutation: You tend to lose your temper in combat. [a neqoxec]
111631 | Pan      | Killed Cristos the pandemonium lord
111644 | Pan      | Found an exit through the horrors of the Abyss.
111768 | Pan      | Got a demonic rune of Zot
112197 | Pan      | Noticed Psaeg the pandemonium lord
112202 | Pan      | Killed Psaeg the pandemonium lord
112363 | Pan      | Found an exit through the horrors of the Abyss.
112506 | Pan      | Got a smoking cloak
112512 | Pan      | Identified the cursed +0 cloak of Incorporation {rC- MR+ Str+2 Dex+3} (You found it in Pandemonium)
112966 | Pan      | Found an exit through the horrors of the Abyss.
113242 | Pan      | Noticed Befum the pandemonium lord
113253 | Pan      | Killed Befum the pandemonium lord
113737 | Pan      | Noticed Eclina the pandemonium lord
113748 | Pan      | Killed Eclina the pandemonium lord
113855 | Pan      | Got a vibrating glass ring
113857 | Pan      | Identified the ring of the Magpie {SustAb rF+ Str+6 Int+4} (You found it in Pandemonium)
113948 | Pan      | Found an exit through the horrors of the Abyss.
114966 | Pan      | Noticed Xeiteppu the pandemonium lord
114973 | Pan      | Killed Xeiteppu the pandemonium lord
115030 | Pan      | Found an exit through the horrors of the Abyss.
115953 | Pan      | Found an exit through the horrors of the Abyss.
116169 | Pan      | Noticed Zisacvis the pandemonium lord
116174 | Pan      | Killed Zisacvis the pandemonium lord
116676 | Pan      | Found an exit through the horrors of the Abyss.
116876 | Pan      | Noticed Gruwaxiq the pandemonium lord
117085 | Pan      | Killed Gruwaxiq the pandemonium lord
117228 | Pan      | Found a gateway to a ziggurat.
117270 | Pan      | Reached skill level 27 in Armour
117439 | Pan      | Found an exit through the horrors of the Abyss.
117671 | Zig:1    | Entered Level 1 of a ziggurat
117690 | Zig:2    | Entered Level 2 of a ziggurat
117718 | Zig:3    | Entered Level 3 of a ziggurat
117745 | Zig:4    | Entered Level 4 of a ziggurat
117786 | Zig:4    | Lost mutation: You are weak. (Str -2) [potion of cure mutation]
117786 | Zig:4    | Lost mutation: You tend to lose your temper in combat. [potion of cure mutation]
117786 | Zig:4    | Lost mutation: Your magical capacity is low (-10% MP). [potion of cure mutation]
117786 | Zig:4    | Lost mutation: You sometimes yell uncontrollably at your foes. [potion of cure mutation]
117786 | Zig:4    | Lost mutation: You occasionally shout uncontrollably at your foes. [potion of cure mutation]
117844 | Zig:5    | Entered Level 5 of a ziggurat
117886 | Zig:6    | Entered Level 6 of a ziggurat
117936 | Zig:7    | Entered Level 7 of a ziggurat
118059 | Zig:7    | Got a spiked chain mail
118065 | Zig:7    | Identified the cursed +0 chain mail of the Blind Marksman {rN+ MP+9 Str-2} (You found it on level 7 of a ziggurat)
118076 | Zig:7    | Got a scorched long sword
118077 | Zig:7    | Identified the +10 long sword "Wuhoso" {holy, rElec} (You found it on level 7 of a ziggurat)
118096 | Zig:8    | Entered Level 8 of a ziggurat
118163 | Zig:8    | Identified the Incunabulum of Quantum Self-Knowledge (You found it on level 8 of a ziggurat)
118172 | Zig:8    | Identified the Tome of the Hidden Vale (You found it on level 8 of a ziggurat)
118185 | Zig:8    | Got a shimmering hand crossbow
118186 | Zig:8    | Identified the +10 hand crossbow of the Madman {elec, -Cast rElec rPois+ rF+ MR+} (You found it on level 8 of a ziggurat)
118208 | Zig:9    | Entered Level 9 of a ziggurat
118219 | Zig:9    | Noticed an ancient lich
118238 | Zig:9    | Killed an ancient lich
118284 | Zig:9    | Reached skill level 15 in Evocations
118301 | Zig:9    | Got a bloodstained broad axe
118302 | Zig:9    | Identified the +12 broad axe of Proximity {chop, rElec rPois+ HP+9} (You found it on level 9 of a ziggurat)
118324 | Zig:10   | Entered Level 10 of a ziggurat
118434 | Zig:10   | Identified the Compendium of the Lethal Escort (You found it on level 10 of a ziggurat)
118439 | Zig:10   | Identified the Tome of Flames and Confrontation (You found it on level 10 of a ziggurat)
118457 | Zig:11   | Entered Level 11 of a ziggurat
118560 | Zig:11   | Got a shimmering crystal plate armour
118566 | Zig:11   | Identified the cursed -3 crystal plate armour of the Stag {*Tele +Twstr +Inv rElec rPois- rN+ MR- Dex+4} (You found it on level 11 of a ziggurat)
118644 | Zig:12   | Entered Level 12 of a ziggurat
118644 | Zig:12   | Noticed haldagan's ghost (legendary TeFi)
118663 | Zig:12   | Killed haldagan's ghost
118744 | Zig:12   | Identified the Almanac of Earthen Poison (You found it on level 12 of a ziggurat)
118752 | Zig:12   | Learned a level 6 spell: Iron Shot
118773 | Zig:12   | Identified Advanced Wizardry (You found it on level 12 of a ziggurat)
118798 | Zig:13   | Entered Level 13 of a ziggurat
118829 | Zig:13   | Was placed under penance by the Shining One
118902 | Zig:13   | Got an iridescent long sword
118903 | Zig:13   | Identified the cursed +0 long sword of the Dungeon {drain, rC++ MP-9 Dex+2 SInv} (You found it on level 13 of a ziggurat)
118925 | Zig:13   | Identified the Grimoire of Displaced Aid (You found it on level 13 of a ziggurat)
119019 | Zig:14   | Entered Level 14 of a ziggurat
119036 | Zig:14   | Was forgiven by the Shining One
119323 | Zig:14   | Identified a +2 rod of the swarm (14/14) (You found it on level 14 of a ziggurat)
119334 | Zig:14   | Identified Ghute's Grimoire of Sinister Rites and Bewitchment (You found it on level 14 of a ziggurat)
119347 | Zig:14   | Got a jet-encrusted ring mail
119358 | Zig:14   | Identified the +4 ring mail of Klunnuugh {Str+3 Dex-4 SInv} (You found it on level 14 of a ziggurat)
119398 | Zig:15   | Entered Level 15 of a ziggurat
119641 | Zig:16   | Entered Level 16 of a ziggurat
119693 | Zig:16   | HP: 16/390 [iron dragon skeleton[a mummy priest] (11)]
119715 | Zig:16   | Gained mutation: Scrolls take you a little longer to read. [a neqoxec]
119820 | Zig:16   | Lost mutation: Scrolls take you a little longer to read. [potion of cure mutation]
119891 | Zig:16   | Identified a +2 rod of the swarm (14/14) (You found it on level 16 of a ziggurat)
119896 | Zig:16   | Got a twisted ring mail
119907 | Zig:16   | Identified the +2 ring mail of the Fifty Spirits {-Cast rCorr Dex+6 Stlth+} (You found it on level 16 of a ziggurat)
119916 | Zig:16   | Got an ichor-stained chain mail
119922 | Zig:16   | Identified the +7 chain mail of Forking Paths {rPois+} (You found it on level 16 of a ziggurat)
120149 | Zig:17   | Entered Level 17 of a ziggurat
120196 | Zig:17   | Reached skill level 15 in Earth Magic
120320 | Zig:17   | Identified a +7 rod of destruction (12/12) (You found it on level 17 of a ziggurat)
120324 | Zig:17   | Identified a +2 rod of shadows (11/11) (You found it on level 17 of a ziggurat)
120513 | Zig:18   | Entered Level 18 of a ziggurat
120561 | Zig:18   | Was placed under penance by the Shining One
120695 | Zig:18   | Identified a +5 rod of the swarm (14/14) (You found it on level 18 of a ziggurat)
120712 | Zig:18   | Identified a +2 rod of inaccuracy (12/12) (You found it on level 18 of a ziggurat)
120820 | Zig:19   | Entered Level 19 of a ziggurat
120867 | Zig:19   | Was forgiven by the Shining One
120970 | Zig:19   | Identified the Papyrus of Augmentations and the Snowflakes
121015 | Zig:19   | Learned a level 3 spell: Recall
121047 | Zig:19   | Got a distressingly furry fire dragon armour
121058 | Zig:19   | Identified the cursed -3 fire dragon armour "Hiroytza" {rElec rF++ rC- rCorr Stlth+} (You found it on level 19 of a ziggurat)
121101 | Zig:20   | Entered Level 20 of a ziggurat
121109 | Zig:20   | Identified a +5 rod of shadows (12/12) (You found it on level 19 of a ziggurat)
121141 | Zig:20   | Noticed an ancient lich
121163 | Zig:20   | Killed an ancient lich
121338 | Zig:20   | Got a heavily runed plate armour
121349 | Zig:20   | Identified the +12 plate armour "Wunnin" {rC- MR+ Dex+4} (You found it on level 20 of a ziggurat)
121409 | Zig:21   | Entered Level 21 of a ziggurat
121774 | Zig:21   | Identified the Almanac of Curses (You found it on level 21 of a ziggurat)
121786 | Zig:21   | Got a scorched scimitar
121787 | Zig:21   | Identified the +6 scimitar of the Revolution {holy, +Inv rElec rC++ rN+ Str-4 Stlth++} (You found it on level 21 of a ziggurat)
121802 | Zig:21   | Got a smoking ring mail
121813 | Zig:21   | Identified the +3 ring mail of Gaciekh {rC++ MR+ Str-3} (You found it on level 21 of a ziggurat)
121834 | Zig:21   | Got a twisted chain mail
121845 | Zig:21   | Identified the +1 chain mail "Shru Tyth" {MR+ rCorr Str+2} (You found it on level 21 of a ziggurat)
121865 | Zig:22   | Entered Level 22 of a ziggurat
121901 | Zig:22   | Reached skill level 10 in Translocations
121981 | Zig:22   | Reached skill level 10 in Air Magic
122013 | Zig:22   | Identified the Tome of Entrancing Confrontation
122028 | Zig:22   | Gained mutation: You can spit poison. [potion of beneficial mutation]
122042 | Zig:22   | Got a twitching granite ring
122046 | Zig:22   | Identified the ring "Cleil" {Wiz MR- Dex+4 Slay+2 Stlth+} (You found it on level 22 of a ziggurat)
122082 | Zig:23   | Entered Level 23 of a ziggurat
122307 | Zig:23   | Learned a level 5 spell: Lightning Bolt
122389 | Zig:24   | Entered Level 24 of a ziggurat
122427 | Zig:24   | Was placed under penance by the Shining One
122606 | Zig:24   | Identified the Disquisition on Orientation and Hexes
122612 | Zig:24   | Identified the Incunabulum of Ashen Transmigration
122664 | Zig:24   | Got a shimmering iron ring
122667 | Zig:24   | Identified the ring "Fiehosh" {SustAb Int+4 Stlth+} (You found it on level 24 of a ziggurat)
122886 | Zig:25   | Entered Level 25 of a ziggurat
122923 | Zig:25   | Was forgiven by the Shining One
123093 | Zig:25   | Identified Bessyf's Volume of Damaging Flames
123115 | Zig:25   | Identified the Almanac of Flight
123199 | Zig:25   | Learned a level 6 spell: Freezing Cloud
123217 | Zig:26   | Entered Level 26 of a ziggurat
123320 | Zig:26   | HP: 15/386 [bennu (21)]
123321 | Zig:26   | HP: 3/386 [greater mummy (19)]
123387 | Zig:26   | HP: 13/297 [emperor scorpion[a greater mummy] (9)]
123441 | Zig:26   | HP: 16/386 [reaper/antimagic scythe[a greater mummy's death curse] (30)]
123447 | Zig:26   | HP: 18/386 [emperor scorpion[a greater mummy] (14)]
123724 | Zig:26   | Identified a cursed +0 rod of shadows (12/12) (You found it on level 26 of a ziggurat)
123767 | Zig:26   | Identified a +5 rod of inaccuracy (9/9) (You found it on level 26 of a ziggurat)
123789 | Zig:26   | Got a faintly glowing chain mail
123800 | Zig:26   | Identified the +8 chain mail of Articulation {+Inv rElec rF+ rC+ Str-3 Slay-2} (You found it on level 26 of a ziggurat)
123830 | Zig:26   | Got a crude battleaxe
123831 | Zig:26   | Identified the +2 battleaxe "Klok" {speed, rF+ HP-9 MP+9 Str+3 Int-4} (You found it on level 26 of a ziggurat)
123897 | Zig:27   | Entered Level 27 of a ziggurat
123946 | Zig:27   | Reached skill level 1 in Ice Magic
124165 | Zig:27   | Lost mutation: You can spit poison. [potion of cure mutation]
124166 | Zig:27   | Gained mutation: You are somewhat resistant to further mutation. [potion of beneficial mutation]
124208 | Zig:27   | Got a faintly glowing scale mail
124219 | Zig:27   | Identified the cursed +0 scale mail of the Trees {HP+9} (You found it on level 27 of a ziggurat)
124299 | Zig:27   | Identified the Grimoire of the Entourage and Translocation
124323 | Zig:27   | Got an ebony greatsling
124324 | Zig:27   | Identified the +5 greatsling of Woe {freeze, rN+ MP+9 Dex-4} (You found it on level 27 of a ziggurat)
124331 | Zig:27   | Identified the Guide on Feathers (You found it on level 27 of a ziggurat)
124336 | Zig:27   | Got an encrusted dagger
124337 | Zig:27   | Identified the cursed -2 dagger "Death Rattle" {pierce, SInv} (You found it on level 27 of a ziggurat)
124745 | Pan      | Found an exit through the horrors of the Abyss.
124905 | Pan      | Gained mutation: You are dopey. (Int -2) [a neqoxec]
124951 | Pan      | Lost mutation: You are somewhat resistant to further mutation. [potion of cure mutation]
124951 | Pan      | Lost mutation: You are dopey. (Int -2) [potion of cure mutation]
125534 | Pan      | Found an exit through the horrors of the Abyss.
125726 | Pan      | Took an exit into the Abyss.
125726 | Abyss:1  | Escaped into the Abyss
125746 | Abyss:1  | Found a corrupted altar of Lugonu.
125761 | Abyss:1  | Found a corrupted altar of Lugonu.
125788 | Depths:3 | Escaped the Abyss
126197 | Temple   | Learned a level 9 spell: Shatter
126568 | Pan      | Entered Pandemonium
126738 | Pan      | Got a jewelled rapier
126992 | Pan      | Found an exit through the horrors of the Abyss.
127047 | Pan      | Noticed Wuerurhi the pandemonium lord
127060 | Pan      | Killed Wuerurhi the pandemonium lord
127125 | Pan      | Noticed Abaiffea the pandemonium lord
127143 | Pan      | Killed Abaiffea the pandemonium lord
127214 | Pan      | Identified the +1 rapier "Braitwy" {venom, rElec rPois- MR+} (You found it in Pandemonium)
127241 | Pan      | Entered the realm of Mnoleg.
127514 | Pan      | Noticed Mnoleg
127620 | Pan      | Got a glowing rune of Zot
127634 | Pan      | Reached skill level 5 in Conjurations
127772 | Pan      | Reached skill level 5 in Ice Magic
127805 | Pan      | Found an exit through the horrors of the Abyss.
127843 | Pan      | Noticed Boiruf the pandemonium lord
127851 | Pan      | Killed Boiruf the pandemonium lord
127926 | Pan      | Found an exit through the horrors of the Abyss.
127933 | Pan      | Noticed Mnoleg
127951 | Pan      | Killed Mnoleg
128051 | Pan      | Entered the realm of Gloorx Vloq.
128087 | Pan      | Found an exit through the horrors of the Abyss.
128389 | Pan      | Noticed Gloorx Vloq
128399 | Pan      | Killed Gloorx Vloq
128452 | Pan      | Got a dark rune of Zot
128556 | Pan      | Found an exit through the horrors of the Abyss.
128896 | Pan      | Entered the realm of Cerebov.
129055 | Pan      | Found an exit through the horrors of the Abyss.
129371 | Pan      | Noticed Cerebov
129400 | Pan      | Killed Cerebov
129417 | Pan      | Got a sparkling steel ring
129427 | Pan      | Got a translucent great sword
129428 | Pan      | Identified the ring of Foreneze {rN+ MR+} (You took it off a red devil in Pandemonium)
129430 | Pan      | Identified the +5 great sword "Uffam" {vamp, rC+ Int+3 Dex-3} (You took it off a balrug in Pandemonium)
129461 | Pan      | Got an ebony flail
129462 | Pan      | Identified the cursed +3 flail of Praom {pain, Noisy +Fly MR- Str+4 Dex+3} (You found it in Pandemonium)
129538 | Pan      | Got a shimmering scale mail
129549 | Pan      | Identified the cursed -3 scale mail of the First Snow {Int+2 Dex+3} (You found it in Pandemonium)
129632 | Pan      | Got a scorched whip
129633 | Pan      | Identified the +8 whip of Tortfeasance {flame, rC+ MP-9 Str+3 Int+2 Stlth-} (You found it in Pandemonium)
129699 | Pan      | Got a fiery rune of Zot
130093 | Pan      | Got a blackened large shield
130181 | Pan      | Identified the +5 large shield of Plog {rPois+ rN- MR-} (You took it off a daeva in Pandemonium)
130267 | Pan      | Found a glowing silver altar of Zin.
130867 | Pan      | Noticed a seraph
130877 | Pan      | Killed a seraph
130901 | Pan      | Found a glowing golden altar of the Shining One.
131086 | Pan      | Got a pitted flail
131087 | Pan      | Identified the +0 flail of Reason {crush, Str+3 Dex-3} (You found it in Pandemonium)
131118 | Pan      | Got a faintly glowing amber ring
131130 | Pan      | Identified the ring "Brops" {rElec rN+ HP+9} (You found it in Pandemonium)
131539 | Pan      | Found an exit through the horrors of the Abyss.
132065 | Pan      | Found a gateway to a ziggurat.
132233 | Pan      | Noticed Affuw the pandemonium lord
132360 | Pan      | Found an exit through the horrors of the Abyss.
132685 | Pan      | Entered the realm of Lom Lobon.
132694 | Pan      | Got a magical rune of Zot
132776 | Pan      | Noticed Lom Lobon
132818 | Pan      | Killed Lom Lobon
133077 | Pan      | Noticed Schyta Broc the pandemonium lord
133085 | Pan      | Killed Schyta Broc the pandemonium lord
133547 | Pan      | Found an exit through the horrors of the Abyss.
133659 | Pan      | Found an exit through the horrors of the Abyss.
133682 | Pan      | Noticed Pninnaor the pandemonium lord
133688 | Pan      | Killed Pninnaor the pandemonium lord
133705 | Depths:3 | Escaped Pandemonium
135742 | Vaults:4 | Noticed Mara
135750 | Vaults:4 | Noticed razhael's illusion
135751 | Vaults:4 | Killed Mara
136207 | Vaults:5 | Entered Level 5 of the Vaults
136698 | Vaults:5 | Got a silver rune of Zot
137065 | Vaults:5 | Identified the Catalogue of Helpful Confrontation
137888 | Zot:5    | Got a heavily runed chain mail
137899 | Zot:5    | Identified the +0 chain mail of Awe {rC+} (You found it on level 5 of the Realm of Zot)
137968 | Zot:5    | Got the Orb of Zot
137974 | Zot:5    | Noticed Umaicum the pandemonium lord
137982 | Zot:5    | Killed Umaicum the pandemonium lord
138027 | Zot:5    | Noticed Wegalem the pandemonium lord
138037 | Zot:5    | Killed Wegalem the pandemonium lord
138041 | Zot:5    | Noticed an orb of fire
138052 | Zot:5    | Killed an orb of fire
138060 | Zot:5    | Noticed Howuqotz the pandemonium lord
138322 | Depths:3 | You fall through a shaft!
138446 | D:15     | Noticed Jasiom the pandemonium lord
138454 | D:15     | Killed Jasiom the pandemonium lord
138529 | D:13     | Noticed Wiusti Hakh the pandemonium lord
138537 | D:13     | Killed Wiusti Hakh the pandemonium lord
138596 | D:11     | Noticed Schaqis the pandemonium lord
138601 | D:11     | Killed Schaqis the pandemonium lord
138799 | D:$      | Escaped with the Orb!

Action                   |  1- 3 |  4- 6 |  7- 9 | 10-12 | 13-15 | 16-18 | 19-21 | 22-24 | 25-27 || total
-------------------------+-------+-------+-------+-------+-------+-------+-------+-------+-------++-------
Melee: Mace              |    28 |       |       |       |       |       |       |       |       ||    28
       Whip              |    59 |    81 |   155 |       |       |       |       |       |       ||   295
       Broad axe         |       |       |   138 |   676 |  1173 |  1327 |  1566 |  1706 |  9260 || 15846
       Executioner's axe |       |       |       |     4 |       |       |       |       |       ||     4
       Sacred scourge    |       |       |       |       |       |       |       |       |   948 ||   948
       Unarmed           |       |       |       |       |       |       |       |       |    14 ||    14
       Rod               |       |       |       |       |       |       |       |       |     2 ||     2
Throw: Javelin           |       |       |     4 |     8 |    10 |    18 |    16 |    16 |     2 ||    74
       Tomahawk          |       |       |       |       |       |       |       |       |    29 ||    29
 Cast: Summon Small Mamm |       |       |       |       |     5 |       |       |       |       ||     5
       Stoneskin         |       |       |       |       |     4 |     7 |    10 |    17 |    96 ||   134
       Lee's Rapid Decon |       |       |       |       |       |     6 |       |       |    26 ||    32
       Call Canine Famil |       |       |       |       |       |       |       |     1 |       ||     1
       Shroud of Golubri |       |       |       |       |       |       |       |       |    40 ||    40
       Phase Shift       |       |       |       |       |       |       |       |       |    30 ||    30
       Statue Form       |       |       |       |       |       |       |       |       |    30 ||    30
       Freezing Cloud    |       |       |       |       |       |       |       |       |    29 ||    29
       Flight            |       |       |       |       |       |       |       |       |    22 ||    22
       Deflect Missiles  |       |       |       |       |       |       |       |       |    18 ||    18
       Song of Slaying   |       |       |       |       |       |       |       |       |    16 ||    16
       Repel Missiles    |       |       |       |       |       |       |       |       |    10 ||    10
       Spectral Weapon   |       |       |       |       |       |       |       |       |     9 ||     9
       Summon Forest     |       |       |       |       |       |       |       |       |     9 ||     9
       Swiftness         |       |       |       |       |       |       |       |       |     6 ||     6
       Stone Arrow       |       |       |       |       |       |       |       |       |     6 ||     6
       Blink             |       |       |       |       |       |       |       |       |     3 ||     3
       Leda's Liquefacti |       |       |       |       |       |       |       |       |     2 ||     2
       Recall            |       |       |       |       |       |       |       |       |     1 ||     1
       Shatter           |       |       |       |       |       |       |       |       |     1 ||     1
       Iron Shot         |       |       |       |       |       |       |       |       |     1 ||     1
Invok: Berserk           |     1 |     1 |     3 |     4 |     1 |       |       |       |       ||    10
       Trog's Hand       |       |     1 |     1 |     4 |       |       |       |       |       ||     6
       Brothers in Arms  |       |       |       |     4 |       |       |       |       |       ||     4
       Divine Shield     |       |       |       |       |     9 |     2 |     7 |     7 |    96 ||   121
       Summon Divine War |       |       |       |       |       |     2 |     4 |     5 |    80 ||    91
       Cleansing Flame   |       |       |       |       |       |       |    10 |     8 |    58 ||    76
 Abil: Evoke Twister     |       |       |       |       |       |       |       |     1 |     5 ||     6
       Evoke Berserk Rag |       |       |       |       |       |       |       |       |    23 ||    23
       Evoke Flight      |       |       |       |       |       |       |       |       |    20 ||    20
       End Transformatio |       |       |       |       |       |       |       |       |     1 ||     1
       Stop Flying       |       |       |       |       |       |       |       |       |     1 ||     1
Evoke: Wand              |       |       |     2 |     3 |    47 |    75 |    32 |    15 |    64 ||   238
       Box of beasts     |       |       |     3 |     7 |     9 |       |       |       |     4 ||    23
       Deck              |       |       |     2 |     6 |    14 |    13 |    13 |     1 |    35 ||    84
       Stone of tremors  |       |       |       |       |       |     1 |       |       |    50 ||    51
       Sack of spiders   |       |       |       |       |       |       |     1 |     1 |       ||     2
       Rod               |       |       |       |       |       |       |       |       |    97 ||    97
  Use: Scroll            |       |       |    13 |    14 |    24 |    19 |    12 |    12 |   192 ||   286
       Potion            |       |       |       |     9 |     9 |     2 |     3 |     7 |    94 ||   124
 Stab: Distracted        |       |       |       |     2 |     1 |     2 |     1 |     3 |    73 ||    82
       Sleeping          |       |       |       |       |     1 |       |       |       |       ||     1
       Confused          |       |       |       |       |       |       |     6 |       |     3 ||     9
       Held in net/web   |       |       |       |       |       |       |       |     4 |       ||     4
       Paralysed         |       |       |       |       |       |       |       |       |     1 ||     1
  Eat: Chunk             |     4 |     3 |    15 |    23 |    31 |    20 |    24 |     3 |    65 ||   188
       Fruit             |       |     1 |       |       |     1 |       |       |       |     7 ||     9
       Pizza             |       |       |     1 |     1 |       |     2 |       |     3 |     2 ||     9
       Beef jerky        |       |       |     1 |       |       |       |     2 |       |     7 ||    10
       Meat ration       |       |       |       |     1 |     4 |     3 |     4 |     6 |    24 ||    42
       Bread ration      |       |       |       |       |     1 |     4 |       |     3 |    33 ||    41
       Royal jelly       |       |       |       |       |       |       |       |       |    21 ||    21
